 Dungeon Crawl Stone Soup version 0.28-a0-32-g8dfe7f97f6 (webtiles) character file.

Game seed: 8089566175102861592

580767 freelancePsychic the Wrestler (level 25, -5/215 HPs)
             Began as a Minotaur Chaos Knight on July 27, 2021.
             Was a Favourite Plaything of Xom.
             Slain by a storm dragon (10 damage)
             ... on level 3 of the Realm of Zot on July 28, 2021.
             The game lasted 03:27:17 (65929 turns).

freelancePsychic the Wrestler (MiCK)               Turns: 65929, Time: 03:27:30

Health: -5/215     AC: 42    Str: 31    XL:     25   Next: 37%
Magic:  22/22      EV: 23    Int:  5    God:    Xom [..*...]
Gold:   6982       SH:  0    Dex: 21    Spells: 24/24 levels left

rFire   + + .      SeeInvis .     - Unarmed
rCold   + + +      Faith    +   E - +2 shield of Resistance {rF++ rC++ Will++}
rNeg    . . .      Spirit   .   X - +10 crystal plate armour
rPois   .          Reflect  .   (helmet restricted)
rElec   .          Harm     .   c - scarf {+Inv}
rCorr   .          Rampage  .   (no gloves)
Will    +++..                   u - +2 pair of boots
Stlth   ..........              W - amulet of faith
HPRegen 1.45/turn               I - ring "Oshyqu Curgh" {rC+ EV+4}
MPRegen 0.18/turn               K - ring "Sitaopuk" {Drain Str+3 Int-2 Dex+8 Slay+4}

@: confused, mighty, unable to read
A: horns 2, retaliatory headbutt, claws 1, talons 1, dopey 1, frail 1,
regeneration 1, shaggy fur 1, strong 1, inability to read while threatened
}: 4/15 runes: decaying, serpentine, silver, abyssal
a: Renounce Religion, Evoke Invisibility


You were on level 3 of the Realm of Zot.
You worshipped Xom.
You were a toy of Xom.
You visited 10 branches of the dungeon, and saw 47 of its levels.
You visited the Abyss 1 time.
You also visited: Volcano.

You collected 8822 gold pieces.
You spent 1840 gold pieces at shops.

Inventory:

Missiles
 l - 138 poisoned darts
 A - 8 javelins (quivered)
 G - 21 curare-tipped darts
 V - 2 throwing nets
Armour
 c - a scarf of invisibility (worn)
 u - a +2 pair of boots (worn)
 E - the +2 shield of Resistance (worn) {rF++ rC++ Will++}
   (You found it on level 7 of the Dungeon)

   rF:        It greatly protects you from fire.
   rC:        It greatly protects you from cold.
   Will:      It greatly increases your willpower.
 M - a +2 cloak
 X - a +10 crystal plate armour (worn)
Jewellery
 i - the amulet "Ceuckaa" {rPois Regen+}
   (You found it on level 2 of the Depths)

   [amulet of regeneration]

   rPois:     It protects you from poison.
   Regen:     It increases your rate of health regeneration.
 m - the ring of Obofik {Fire rN+ Str+3}
   (Xom gifted it to you on level 14 of the Dungeon)

   [ring of fire]

   It enhances your fire magic.
   Str:       It affects your strength (+3).
   rF:        It protects you from fire.
   rC:        It makes you vulnerable to cold.
   rN:        It protects you from negative energy.
 r - a ring of poison resistance
 y - a ring of fire
 I - the ring "Oshyqu Curgh" (left claw) {rC+ EV+4}
   (You bought it in a shop on level 1 of the Snake Pit)

   [ring of evasion]

   EV:        It affects your evasion (+4).
   rC:        It protects you from cold.
 K - the ring "Sitaopuk" (right claw) {Drain Str+3 Int-2 Dex+8 Slay+4}
   (You found it on level 4 of the Swamp)

   [ring of slaying]

   Str:       It affects your strength (+3).
   Int:       It affects your intelligence (-2).
   Dex:       It affects your dexterity (+8).
   Slay:      It affects your accuracy & damage with ranged weapons and melee
   (+4).
   Drain:     It drains your maximum health when unequipped.
 P - a +4 ring of evasion
 W - an amulet of faith (around neck)
 Z - a ring of fire
Wands
 a - a wand of mindburst (20)
 d - a wand of iceblast (68)
 w - a wand of acid (26)
 C - a wand of paralysis (55)
 H - a wand of polymorph (35)
 S - a wand of flame (107)
Scrolls
 b - 2 scrolls of magic mapping
 f - 8 scrolls of fear
 g - 5 scrolls of fog
 j - 15 scrolls of teleportation {@r4}
 q - 10 scrolls of vulnerability
 s - a scroll of blinking
 v - 5 scrolls of enchant weapon
 z - 6 scrolls of amnesia
 B - 6 scrolls of immolation
 N - 2 scrolls of summoning
 Q - 13 scrolls of identify {@r1}
 Y - 4 scrolls of silence
Potions
 e - 2 potions of attraction
 h - a potion of cancellation
 k - 11 potions of flight
 n - 6 potions of magic
 o - a potion of resistance
 p - 2 potions of curing {@q1}
 D - 7 potions of lignification
 J - 2 potions of might
 O - a potion of haste {@q3}
 R - 2 potions of ambrosia
 U - 6 potions of brilliance
Miscellaneous
 x - a phial of floods
 L - a condenser vane (inert)
 T - a tin of tremorstones (2/2)


   Skills:
 - Level 22.3 Fighting
 - Level 14.0 Maces & Flails
 - Level 8.5 Throwing
 - Level 21.3 Armour
 + Level 19.9 Dodging
 - Level 15.0 Shields
 + Level 22.9 Unarmed Combat
 - Level 0.1 Transmutations
 - Level 1.7 Earth Magic
 - Level 14.4 Evocations


You had 24 spell levels left.
You didn't know any spells.
Your spell library contained the following spells:

 Spells                   Type           Power      Damage    Failure   Level
 Foxfire                  Conj/Fire      0%         2x1d4     99%         1
 Magic Dart               Conj           0%         1d3       99%         1
 Shock                    Conj/Air       0%         1d3       99%         1
 Sting                    Tmut/Pois      0%         1d3       99%         1
 Blink                    Tloc           N/A        N/A       100%        2
 Call Imp                 Summ           0%         N/A       100%        2
 Corpse Rot               Necr/Air       N/A        N/A       100%        2
 Poisonous Vapours        Pois/Air       0%         N/A       100%        2
 Sublimation of Blood     Necr           0%         N/A       100%        2
 Wereblood                Tmut           0%         N/A       100%        2
 Conjure Flame            Conj/Fire      0%         6-21      100%        3
 Dazzling Flash           Conj/Hex       0%         N/A       100%        3
 Frozen Ramparts          Ice            0%         1d2       100%        3
 Ignite Poison            Fire/Tmut/Pois 0%         N/A       100%        3
 Inner Flame              Hex/Fire       0%         N/A       100%        3
 Lesser Beckoning         Tloc           0%         N/A       100%        3
 Mephitic Cloud           Conj/Pois/Air  0%         N/A       100%        3
 Portal Projectile        Hex/Tloc       0%         N/A       100%        3
 Swiftness                Air            0%         N/A       100%        3
 Tukima's Dance           Hex            0%         N/A       100%        3
 Airstrike                Air            0%         N/A       100%        4
 Animate Dead             Necr           0%         N/A       100%        4
 Cause Fear               Hex            0%         N/A       100%        4
 Fulminant Prism          Conj/Hex       0%         3d6       100%        4
 Ice Form                 Ice/Tmut       0%         N/A       100%        4
 Iskenderun's Mystic Bla  Conj/Tloc      0%         2d3       100%        4
 Olgreb's Toxic Radiance  Pois           0%         N/A       100%        4
 Passage of Golubria      Tloc           N/A        N/A       100%        4
 Summon Ice Beast         Ice/Summ       0%         N/A       100%        4
 Summon Lightning Spire   Summ/Air       0%         N/A       100%        4
 Agony                    Necr           0%         N/A       100%        5
 Alistair's Intoxication  Tmut/Pois      0%         N/A       100%        5
 Blade Hands              Tmut           0%         N/A       100%        5
 Bolt of Magma            Conj/Fire/Erth 0%         4d4       100%        5
 Borgnjor's Vile Clutch   Necr/Erth      0%         N/A       100%        5
 Excruciating Wounds      Necr           0%         N/A       100%        5
 Freezing Cloud           Conj/Ice/Air   0%         6-21      100%        5
 Iskenderun's Battlesphe  Conj           0%         2d6       100%        5
 Lee's Rapid Deconstruct  Erth           0%         3d5*      100%        5
 Manifold Assault         Tloc           0%         N/A       100%        5
 Silence                  Hex/Air        0%         N/A       100%        5
 Summon Mana Viper        Hex/Summ       0%         N/A       100%        5
 Yara's Violent Unravell  Hex/Tmut       0%         3d3       100%        5
 Eringya's Noxious Bog    Tmut/Pois      0%         N/A       100%        6
 Iron Shot                Conj/Erth      0%         9d1       100%        6
 Starburst                Conj/Fire      0%         8x6d3     100%        6
 Haunt                    Necr/Summ      0%         N/A       100%        7
 Malign Gateway           Summ/Tloc      0%         N/A       100%        7
 Ozocubu's Refrigeration  Ice            0%         4d5       100%        7
 Spellforged Servitor     Conj/Summ      0%         N/A       100%        7
 Storm Form               Tmut/Air       0%         N/A       100%        7
 Summon Hydra             Summ           0%         N/A       100%        7
 Discord                  Hex            0%         N/A       100%        8
 Ignition                 Fire           0%         3d3       100%        8
 Infestation              Necr           0%         N/A       100%        8
 Lehudib's Crystal Spear  Conj/Erth      0%         10d2      100%        8
 Maxwell's Capacitive Co  Air            0%         ∞         100%        8
 Summon Horrible Things   Summ           0%         N/A       100%        8


Dungeon Overview and Level Annotations

Branches:
Dungeon (15/15)            Temple (1/1) D:5            Lair (6/6) D:8
  Swamp (4/4) Lair:2        Snake (4/4) Lair:3        Slime (0/5) Lair:6
    Orc (2/2) D:10            Elf (2/3) Orc:2        Vaults (5/5) D:13
  Crypt (0/3) Vaults:3     Depths (5/5) D:15            Zot (3/5) Depths:5
Volcano (visited)

Altars:
Ashenzari
Cheibriados
Dithmenos
Elyvilon
Fedhas
Hepliaklqana
Kikubaaqudgha
Nemelex Xobeh
Qazlal
Ru
Vehumet
Wu Jian
Xom
Yredelemnul
Zin
Beogh
Jiyva

Shops:
D:1 *   Orc:1 !*   Orc:2 [!=!   Elf:1 ?   Snake:1 :==   Snake:2 !   Snake:3 =
Vaults:5 =

Portals:
Hell: Depths:1 Depths:2 Depths:3 Depths:4 Depths:5
Abyss: Depths:1 Depths:4
Pandemonium: Depths:1 Depths:3
Ziggurat: Depths:5
Trove: D:10 (give 15 scrolls of teleportation)

Annotations:
D:14 Roxanne
Lair:2 exclusion: 2 oklob plants
Vaults:1 3 runed translucent doors, howech's ghost, veteran MiGl


Innate Abilities, Weirdness & Mutations

You have a pair of horns on your head.
You reflexively headbutt those who attack you in melee.
You have sharp fingernails.
You have sharp toenails.
You are dopey. (Int -2)
You are frail. (-10% HP)
Your natural rate of healing is unusually fast.
You are covered in fur. (AC +1)
Your muscles are strong. (Str +2)
You sometimes lose the ability to read scrolls when taking damage.


Message History

The storm dragon rages.
You block the storm dragon's attack.
The storm dragon claws you but does no damage.
You block the storm dragon's attack.
Found a wand of polymorph (6).
You hear a roar!
You block the storm dragon's attack. x2; The storm dragon closely misses you.
Xom titters.
You are confused.
You are now a toy of Xom.
You hear a roar!
The storm dragon completely misses you. The storm dragon misses you.
The storm dragon tramples you but does no damage.
You're too confused to move! "Go forth and destroy!"
You feel very mighty all of a sudden. The storm dragon bites you!
* * * LOW HITPOINT WARNING * * *
The storm dragon completely misses you. The storm dragon misses you.
Something closely misses you. The storm dragon completely misses you.
The storm dragon claws you but does no damage.
The storm dragon barely misses you.
The white draconian monk hits you but does no damage.
The white draconian monk kicks you but does no damage.
The white draconian monk tail-slaps you but does no damage.
Something hits you but does no damage.
You hear a roar!
The storm dragon misses you. The storm dragon barely misses you.
The storm dragon tramples you but does no damage.
Your crystal plate armour prevents you from hitting the storm dragon.
Your headbutt misses the storm dragon.
The storm dragon is heavily wounded.
The storm dragon completely misses you. The storm dragon closely misses you.
The storm dragon tramples you!
* * * LOW HITPOINT WARNING * * *
Xom roars with laughter!
You are shoved backwards!
The storm dragon closely misses you. The storm dragon claws you!
You die...
Xom thinks this is hilarious!

#####
#.....# #.
#.....# #.
#.....# ##
.. #..####
..## #..#
##
.....#..###
#. ##
.....#....#
#. ..
.....#....#
#. ..
......qD@.#
## ..
....#...###
## ...
##.d..# .
#.....#
#.....#
#...#..#
##..##..#
#..# #/..
#..# #...


You could see a white draconian monk, a storm dragon (berserk) and a white
draconian.

Vanquished Creatures
  An orb of fire (Zot:2)
  A juggernaut (Depths:3)
  Frederick (Vaults:2)
  Margery (Vaults:3)
  4 golden dragons
  A hellephant (Vaults:4)
  Rupert (D:13)
  8 tentacled monstrosities
  Jorgrun (D:12)
  A deep elf blademaster (Elf:2)
  Asterion (Vaults:3)
  4 titans
  6 quicksilver dragons
  5 sphinxes
  The ghost of Qiadic the Whirler, an adept HaHu of Okawaru (Depths:2)
  2 death cobs
  6 tengu reavers
  An ancient champion (Vaults:3)
  6 shadow dragons
  Frances (Snake:2)
  2 tentacled starspawn
  A thorn hunter (Swamp:3)
  A nagaraja (Snake:4)
  3 draconian monks
  12 storm dragons
  11 fire giants
  11 frost giants
  3 iron dragons
  4 draconian knights
  3 draconian scorchers (Zot:3)
  4 orc warlords
  15 vault wardens
  A deep elf sorcerer (Vaults:4)
  6 spectral caustic shrikes
  Aizul (Vaults:4)
  3 draconian shifters
  20 ironbound preservers
  2 draconian stormcallers (Zot:3)
  2 ghouls (Swamp:3)
  3 war gargoyles
  2 spriggan defenders
  17 stone giants
  26 very ugly things
  4 vampire knights
  4 white draconians
  5 green draconians
  3 deep elf demonologists
  3 black draconians
  7 dire elephants
  4 bunyips
  3 yellow draconians
  8 red draconians
  6 purple draconians
  2 eleionomae
  4 spark wasps
  An eleionoma (shapeshifter) (Elf:1)
  A blizzard demon (Depths:4)
  A merfolk javelineer (Depths:2)
  3 deep elf death magi
  An eidolon (Abyss:3)
  8 ettins
  7 fire dragons
  Snorg (D:10)
  A shambling mangrove (Swamp:4)
  Josephine (D:14)
  6 great orbs of eyes
  A merfolk impaler (Depths:2)
  18 yaktaur captains
  31 vault guards
  4 deep elf high priests (Vaults:5)
  5 spriggan air magi
  5 salamander tyrants
  3 ironbound thunderhulks
  3 boulder beetles
  Erolcha (Orc:2)
  25 hydras
  3 rakshasas
  5 ghost crabs
  20 naga warriors
  6 ice dragons
  14 centaur warriors
  4 anacondas
  14 two-headed ogres
  3 ogre magi
  A catoblepas (Lair:4)
  9 alligators
  27 dancing weapons
  2 death knights
  6 deep troll shamans
  An alligator (shapeshifter) (Vaults:5)
  6 ironbound frosthearts
  2 large abominations
  A satyr (Elf:2)
  7 death yaks (Lair:6)
  2 vampire magi
  9 deep troll earth magi
  10 naga sharpshooters
  10 tengu warriors
  7 ironbound beastmasters
  An orc high priest (Orc:2)
  6 spriggan berserkers
  5 shock serpents
  3 thrashing horrors (Abyss:3)
  18 deep elf knights
  10 hell knights
  2 wretched stars (Abyss:3)
  A fire crab (shapeshifter) (D:15)
  Nergalle (D:10)
  2 salamander mystics
  4 goliath frogs
  2 skeletal warriors (D:15)
  6 iron trolls
  A glowing orange brain (Depths:3)
  59 deep trolls
  6 naga ritualists
  10 swamp dragons
  10 deep elf archers
  A swamp dragon (shapeshifter) (Depths:3)
  25 ironbound convokers
  2 flayed ghosts
  6 lindwurms
  25 deep elf zephyrmancers
  8 orc knights
  2 spriggan druids
  7 wizards
  10 harpies
  A mana viper (shapeshifter) (Lair:6)
  8 phantasmal warriors
  4 mana vipers (Snake:4)
  30 deep elf pyromancers
  A sphinx zombie (Vaults:1)
  An orb spider (D:12)
  A worldbinder (Abyss:3)
  11 oklob plants (Zot:2)
  2 wolf spiders
  11 orc sorcerers
  A shining eye (Abyss:3)
  5 necromancers
  18 salamanders
  2 cyclopes (D:14)
  54 ugly things
  6 elephants
  3 manticores
  5 will-o-the-wisps
  An elf zombie (Vaults:3)
  10 moths of wrath
  A shining eye (shapeshifter) (Depths:2)
  11 vault sentinels
  47 black mambas
  2 human skeletons
  9 guardian serpents
  23 naga magi
  23 cane toads
  An unseen horror (D:11)
  2 torpor snails
  2 gargoyles
  13 komodo dragons
  7 freezing wraiths
  36 yaktaurs
  2 kobold demonologists (D:14)
  9 rime drakes
  A yaktaur (shapeshifter) (Elf:2)
  4 efreet
  An ancient zyme (Abyss:3)
  2 tengu conjurers
  An ice devil (Abyss:3)
  A demonic crawler (Abyss:3)
  2 queen bees
  7 trolls
  9 tyrant leeches
  A silent spectre (Abyss:3)
  A queen bee (shapeshifter) (Vaults:5)
  A bloated husk (Swamp:1)
  10 meliai
  A meliai (shapeshifter) (Lair:6)
  18 hornets
  A raiju (Abyss:3)
  A slime creature (shapeshifter) (Depths:2)
  24 slime creatures
  A blink frog (shapeshifter) (Vaults:4)
  16 blink frogs
  2 ynoxinuls (Abyss:3)
  8 starcursed masses
  10 wraiths
  Eustachio (D:4)
  A spriggan (shapeshifter) (Elf:1)
  4 air elementals (Elf:1)
  A redback (Lair:6)
  13 water elementals
  21 yaks
  12 spriggans
  3 shadows
  6 fire elementals
  15 wyverns
  11 vampire mosquitoes
  7 basilisks
  2 neqoxecs (Abyss:3)
  2 chaos spawn (Abyss:3)
  2 golden eyes
  12 swamp worms
  4 wargs
  51 nagas
  Edmund (D:5)
  5 hell hounds (Volcano)
  30 water moccasins
  5 acid dragons
  34 orc warriors
  Duvessa (D:7)
  2 floating eyes
  2 black bears (shapeshifter)
  12 swamp drakes
  An ice beast (Elf:1)
  A sky beast (D:6)
  12 ogres
  A human zombie (Vaults:3)
  3 necrophages
  10 wolves
  A tengu (Lair:4)
  3 centaurs
  A phantom (D:5)
  4 small abominations
  2 kobold brigands
  7 bullfrogs
  2 gnoll sergeants
  3 scorpions
  3 earth elementals
  3 wyvern skeletons (D:7)
  Dowan (D:7)
  A water moccasin skeleton (D:5)
  23 killer bees
  A wight (Abyss:3)
  3 electric eels
  10 howler monkeys
  A human simulacrum (Vaults:1)
  6 centaur zombies
  A hound (D:4)
  2 jellies
  A gnoll shaman (D:10)
  11 orc priests
  A centaur skeleton (D:5)
  7 iguanas
  An iron imp (Abyss:2)
  Natasha (D:2)
  A bullfrog skeleton (D:7)
  12 hell rats
  30 orc wizards
  2 howler monkey zombies (D:8)
  14 gnolls
  3 adders
  3 white imps
  2 worms
  A dart slug (D:1)
  71 orcs
  7 endoplasms
  3 giant cockroaches
  7 goblins
  4 hobgoblins
  9 jackals
  A quokka (D:3)
  4 ball pythons
  3 bats
  3 frilled lizards
  16 kobolds
  7 rats
  A spectral orc (D:8)
  A bush (Zot:2)
  A fungus (Zot:2)
  4 starspawn tentacles
1872 creatures vanquished.

Vanquished Creatures (collateral kills)
  A thorn hunter (Swamp:4)
  2 nagarajas (Snake:4)
  A vault warden (Vaults:2)
  2 ironbound preservers (Vaults:2)
  2 stone giants
  2 very ugly things
  A yaktaur captain (Vaults:2)
  An ettin (Depths:2)
  2 great orbs of eyes
  An ironbound thunderhulk (Vaults:2)
  3 naga warriors
  2 hydras
  An alligator (D:14)
  2 two-headed ogres
  An anaconda (Snake:1)
  A death yak (Lair:6)
  A tengu warrior (D:14)
  A naga sharpshooter (Snake:4)
  A deep elf knight (Elf:1)
  A salamander mystic (Snake:2)
  A deep troll (Vaults:4)
  A wizard (Vaults:2)
  A bog body (Swamp:3)
  An orc knight (D:11)
  A deep elf zephyrmancer (Elf:2)
  2 ugly things
  A cyclops (D:12)
  A salamander (Snake:2)
  A will-o-the-wisp (Swamp:4)
  A guardian serpent (Snake:2)
  Maurice (D:11)
  A black mamba (Snake:1)
  A yaktaur (Vaults:2)
  2 rime drakes
  Grinder (D:4)
  2 slime creatures (Vaults:2)
  6 yaks
  A basilisk (Lair:4)
  2 nagas (Snake:2)
  An orc warrior (D:11)
  An ogre (Orc:2)
  A kobold brigand (D:14)
  A goblin (D:4)
  A quokka (D:4)
  A kobold (D:9)
63 creatures vanquished.

Vanquished Creatures (others)
  An ancient lich (Depths:3)
  A tentacled monstrosity (Zot:3)
  A draconian annihilator (Zot:2)
  7 dancing weapons
  3 deep elf knights
  2 deep trolls
  A swamp dragon (Swamp:4)
  2 deep elf archers (Elf:2)
  A naga (Snake:4)
  A deep elf pyromancer (Elf:2)
  3 deep elf zephyrmancers (Elf:1)
  A salamander (Snake:2)
  3 bloated husks
  2 hornets
  A slime creature (Vaults:2)
  A centaur simulacrum (D:14)
  2 spriggans (Swamp:3)
  A fire elemental (Elf:1)
  A swamp worm (Swamp:3)
  An orc warrior (Vaults:5)
  2 orc wizards (Orc:2)
  A kobold (D:14)
  A briar patch (Swamp:3)
  26 foxfires
  62 fungi
  148 plants
  6 starspawn tentacles
282 creatures vanquished.

Grand Total: 2217 creatures vanquished

Notes
Turn   | Place    | Note
-------+----------+-------------------------------------------
     0 | D:1      | freelancePsychic the Minotaur Chaos Knight began the quest
                  | for the Orb.
     0 | D:1      | Reached XP level 1. HP: 19/19 MP: 0/0
   192 | D:1      | XOM: potion effect (brilliance)
   204 | D:1      | Reached XP level 2. HP: 27/27 MP: 1/1
   225 | D:1      | Found a faded altar of an unknown god.
   804 | D:1      | XOM: noise
   830 | D:1      | Found Cuzip's Assorted Antiques.
   968 | D:1      | XOM: noise
  1008 | D:1      | Reached XP level 3. HP: 34/34 MP: 2/2
  1143 | D:2      | XOM: cloud trail
  1285 | D:2      | XOM: cloud trail
  1304 | D:2      | Noticed Natasha
  1324 | D:2      | Killed Natasha
  1325 | D:2      | Reached skill level 1 in Throwing
  1325 | D:2      | Reached XP level 4. HP: 34/41 MP: 3/3
  1470 | D:3      | Reached skill level 5 in Maces & Flails
  1642 | D:3      | XOM: give mutations
  1642 | D:3      | Gained mutation: You expend magic power (3 MP) to
                  | strengthen your wands. [Xom's grace]
  1642 | D:3      | Gained mutation: You are partially covered in iridescent
                  | scales. (AC +2) [Xom's grace]
  1642 | D:3      | Gained mutation: You have sharp fingernails. [Xom's grace]
  1927 | D:3      | XOM: summons 4 hostile shadow creatures
  2226 | D:4      | XOM: cloud trail
  2272 | D:4      | Noticed Eustachio
  2274 | D:4      | XOM: summons 4 friendly demons
  2274 | D:4      | Noticed Grinder
  2285 | D:4      | XOM: destruction
  2286 | D:4      | XOM: cast spell 'Statue Form'
  2288 | D:4      | XOM: summons 1 hostile demon
  2292 | D:4      | Killed Eustachio
  2293 | D:4      | Reached XP level 5. HP: 41/47 MP: 4/4
  2296 | D:4      | Killed Grinder
  2297 | D:4      | Reached skill level 5 in Fighting
  2297 | D:4      | Reached XP level 6. HP: 50/56 MP: 5/5
  2436 | D:4      | Reached XP level 7. HP: 61/61 MP: 6/6
  2474 | D:4      | XOM: summons 4 hostile demons
  2611 | D:4      | Found a white marble altar of Elyvilon.
  2825 | D:4      | XOM: 4-stop teleportation journey
  2848 | D:4      | XOM: blink monster(s)
  2910 | D:4      | Found a blossoming altar of Fedhas.
  2997 | D:4      | XOM: silly message
  3236 | D:4      | Found a sacrificial altar of Ru.
  3426 | D:4      | Found a glowing silver altar of Zin.
  3551 | D:4      | XOM: summons 1 hostile demon
  3552 | D:4      | Noticed a hellwing
  3909 | D:5      | Entered Level 5 of the Dungeon
  4127 | D:5      | Found a staircase to the Ecumenical Temple.
  4127 | D:5      | Noticed Edmund
  4139 | D:5      | XOM: stat loss: -1 Str (24/25)
  4155 | D:5      | Killed Edmund
  4158 | Temple   | Entered the Ecumenical Temple
  4464 | D:5      | Reached XP level 8. HP: 71/71 MP: 7/7
  4473 | D:5      | Found a stormy altar of Qazlal.
  4548 | D:5      | XOM is BORED!
  4548 | D:5      | XOM: draining
  4629 | D:5      | Reached skill level 10 in Maces & Flails
  4687 | D:5      | XOM: cloud trail
  4793 | D:5      | XOM: 1-stop teleportation journey
  5390 | D:6      | Found a shadowy altar of Dithmenos.
  5467 | D:6      | XOM: divination: detect creatures
  5568 | D:6      | XOM: potion effect (heal wounds)
  5827 | D:7      | Reached XP level 9. HP: 70/81 MP: 8/8
  5932 | D:7      | Noticed Dowan
  5933 | D:7      | Noticed Duvessa
  5946 | D:7      | Killed Dowan
  5950 | D:7      | Killed Duvessa
  5999 | D:7      | Found the +2 shield of Resistance {rF++ rC++ Will++}
  6057 | D:7      | XOM: summons friendly shadow imp
  6258 | D:7      | Found an ornate altar of the Wu Jian Council.
  6317 | D:7      | Noticed a troll
  6327 | D:7      | Reached skill level 1 in Shields
  6328 | D:7      | Killed a troll
  6433 | D:7      | XOM: cast spell 'Leda's Liquefaction'
  6656 | D:7      | XOM: silly message
  6787 | D:7      | XOM: give mutations
  6787 | D:7      | Gained mutation: You are strong-willed. (Will+) [Xom's
                  | grace]
  6787 | D:7      | Gained mutation: Your flesh is cold resistant. (rC+) [Xom's
                  | grace]
  6787 | D:7      | Gained mutation: You have a pair of large horns on your
                  | head. [Xom's grace]
  6787 | D:7      | Gained mutation: You evolve. [Xom's grace]
  6889 | D:8      | Found a basalt altar of Yredelemnul.
  6967 | D:8      | Found a staircase to the Lair.
  7331 | D:8      | Identified the +4 dagger "Beisuoh" {speed, rN+ Will+ Int+4
                  | Dex+3}
  7401 | D:8      | Found a hazy altar of Hepliaklqana.
  7401 | D:8      | XOM: 5-stop teleportation journey
  7515 | D:8      | Reached skill level 5 in Shields
  7595 | D:8      | Lost mutation: You are partially covered in iridescent
                  | scales. (AC +2) [evolution]
  7771 | D:8      | XOM: god gift: +2 helmet of intelligence
  8166 | D:9      | Noticed a two-headed ogre
  8174 | D:9      | XOM: enchant monster (good)
  8183 | D:9      | Killed a two-headed ogre
  8184 | D:9      | Reached XP level 10. HP: 86/90 MP: 9/9
  8232 | D:9      | XOM: cloud trail
  8249 | D:9      | XOM: destruction
  8343 | D:9      | XOM: summons 6 friendly demons
  8597 | D:9      | XOM: cast spell 'Death Channel'
  8605 | D:9      | XOM: potion effect (curing)
  8960 | D:9      | XOM: scenery: 1 doors close
  9033 | D:9      | XOM: destruction
  9079 | D:9      | Found a radiant altar of Vehumet.
  9165 | D:9      | XOM: give mutation
  9165 | D:9      | Lost mutation: You evolve. [Xom's mischief]
  9289 | D:9      | XOM: torment (46/90 hp)
  9514 | D:9      | XOM: summons 6 hostile demons
  9606 | D:10     | Entered Level 10 of the Dungeon
  9878 | D:9      | XOM: silly message
 10025 | D:10     | Noticed a two-headed ogre
 10035 | D:10     | Killed a two-headed ogre
 10036 | D:10     | Reached skill level 10 in Shields
 10172 | D:10     | XOM is BORED!
 10172 | D:10     | XOM: give mutations
 10172 | D:10     | Gained mutation: You sometimes lose the ability to read
                  | scrolls when taking damage. [Xom's mischief]
 10172 | D:10     | Gained mutation: You are dopey. (Int -2) [Xom's mischief]
 10172 | D:10     | Lost mutation: You are strong-willed. (Will+) [Xom's
                  | mischief]
 10344 | D:10     | Identified the +2 leather armour "Buwinunt" {rC+ Int+4
                  | Slay+2}
 10413 | D:10     | Found a staircase to the Orcish Mines.
 10683 | D:10     | Found a sparkling altar of Nemelex Xobeh.
 10890 | D:10     | XOM: give mutations
 10890 | D:10     | Lost mutation: You have a pair of large horns on your head.
                  | [Xom's mischief]
 10890 | D:10     | Lost mutation: Your flesh is cold resistant. (rC+) [Xom's
                  | mischief]
 10890 | D:10     | Gained mutation: Armour fits poorly on your strangely
                  | shaped body. [Xom's mischief]
 10901 | D:10     | Lost mutation: You are dopey. (Int -2) [potion of mutation]
 10901 | D:10     | Lost mutation: You sometimes lose the ability to read
                  | scrolls when taking damage. [potion of mutation]
 10901 | D:10     | Gained mutation: You are weak. (Str -2) [potion of
                  | mutation]
 10901 | D:10     | Gained mutation: Your spells are a little easier to cast,
                  | but a little less powerful. [potion of mutation]
 10916 | D:10     | Found a portal to a secret trove of treasure.
 10985 | D:11     | Noticed Nergalle
 11052 | D:11     | Noticed Snorg
 11053 | D:11     | Noticed an orc knight
 11070 | D:10     | XOM: blink monster(s)
 11082 | D:10     | Killed Snorg
 11083 | D:10     | Reached XP level 11. HP: 25/95 MP: 2/10
 11385 | D:11     | XOM: enchant monster (bad)
 11386 | D:11     | Noticed a spectral orc warlord
 11472 | Lair:1   | Entered Level 1 of the Lair of Beasts
 11595 | Lair:1   | XOM: 1-stop teleportation journey
 11598 | Lair:1   | XOM: noise
 11604 | Lair:1   | XOM: 1-stop teleportation journey
 11606 | Lair:1   | XOM: stat loss: -1 Int (8/9)
 11617 | Lair:1   | XOM: blink monster(s)
 11621 | Lair:1   | XOM: confusion (+ monsters)
 11671 | Lair:1   | XOM: torment (11/95 hp)
 11690 | Lair:1   | XOM: cast spell 'Monstrous Menagerie'
 12391 | Lair:1   | XOM: give mutations
 12391 | Lair:1   | Gained mutation: Your body sometimes deteriorates upon
                  | taking damage. [Xom's mischief]
 12391 | Lair:1   | Lost mutation: You are weak. (Str -2) [Xom's mischief]
 12391 | Lair:1   | Gained mutation: You passively map a small area around you.
                  | [Xom's mischief]
 12391 | Lair:1   | Gained mutation: You are clumsy. (Dex -2) [Xom's mischief]
 12547 | Lair:1   | XOM: noise
 12550 | Lair:1   | XOM: 4-stop teleportation journey
 12566 | Lair:1   | XOM: summons 6 hostile demons
 12567 | Lair:1   | Noticed a sixfirhy
 13091 | Lair:1   | XOM: silly message
 13092 | Lair:1   | XOM: confuse monster(s)
 13097 | Lair:1   | XOM: cast spell 'Shadow Creatures'
 13157 | Lair:1   | XOM: silly message
 13418 | Lair:2   | XOM: noise
 13452 | Lair:2   | XOM: cast spell 'Olgreb's Toxic Radiance'
 13690 | Lair:2   | XOM: potion effect (might)
 13783 | Lair:2   | XOM: confuse monster(s)
 13905 | Lair:1   | XOM is BORED!
 13905 | Lair:1   | XOM: noise
 14715 | Lair:2   | XOM: smoke on damage
 14723 | Lair:2   | XOM: polymorph killer bee -> golden eye
 14884 | Lair:2   | XOM: 2-stop teleportation journey
 14997 | Lair:2   | Found a staircase to the Swamp.
 15217 | Lair:2   | XOM: silly message
 15324 | Lair:2   | XOM is BORED!
 15324 | Lair:2   | XOM: noise
 15343 | Lair:2   | Reached skill level 15 in Shields
 15343 | Lair:2   | Reached XP level 12. HP: 56/104 MP: 11/11
 15447 | Lair:2   | XOM: cloud trail
 15646 | Lair:2   | XOM: cloud trail
 15958 | Lair:2   | XOM: divination: detect items
 16355 | Lair:2   | XOM: cast spell 'Cause Fear'
 16359 | Lair:2   | Reached skill level 5 in Armour
 16548 | Lair:3   | Found a staircase to the Snake Pit.
 16599 | Lair:3   | XOM: potion effect (heal wounds)
 16603 | Lair:3   | Reached skill level 10 in Fighting
 16859 | Lair:3   | XOM: 1-stop teleportation journey
 16889 | Lair:3   | XOM: divination: magic mapping
 16952 | Lair:3   | XOM: confuse monster(s)
 17224 | Lair:3   | XOM: polymorph cane toad -> blink frog
 17748 | Lair:3   | XOM: give mutation
 17748 | Lair:3   | Gained mutation: You evolve. [Xom's mischief]
 18133 | Lair:4   | Noticed a catoblepas
 18135 | Lair:4   | Noticed an eight-headed hydra
 18139 | Lair:4   | Killed a catoblepas
 18142 | Lair:4   | Killed an eight-headed hydra
 18205 | Lair:4   | XOM: 3-stop teleportation journey
 18224 | Lair:4   | XOM: enchant monster (bad)
 18279 | Lair:4   | XOM: divination: detect items
 18325 | Lair:4   | XOM: polymorph wyvern -> tengu
 18373 | Lair:4   | XOM: summons 4 friendly demons
 18409 | Lair:4   | XOM: summons 2 friendly demons
 18516 | Lair:4   | XOM: god gift: staff of air
 18645 | Lair:4   | Found a shimmering altar of Xom.
 18715 | Lair:4   | Found a dark tunnel.
 18724 | Volcano  | Entered a volcano
 18895 | Volcano  | Reached skill level 1 in Evocations
 18902 | Volcano  | Reached XP level 13. HP: 98/119 MP: 6/12
 18910 | Volcano  | Reached skill level 10 in Armour
 19077 | Volcano  | Identified the +3 leather armour of the Minstrel {rElec rC-
                  | Str+2}
 19129 | Lair:4   | XOM: cast spell 'Summon Mana Viper'
 19211 | Lair:4   | XOM: enchant monster (good)
 19639 | Lair:4   | Gained mutation: You have very sharp fingernails.
                  | [evolution]
 19639 | Lair:4   | Lost mutation: You evolve. [end of evolution]
 19708 | Lair:4   | XOM: cloud trail
 20066 | Lair:5   | XOM: torment (46/122 hp)
 20512 | Lair:5   | XOM: cleaving
 20578 | Lair:5   | XOM: cloud trail
 20601 | Lair:5   | XOM: fog
 21041 | Lair:5   | XOM: scenery: summon butterflies
 21042 | Lair:5   | XOM: god gift: crystal spear {god gift}
 21042 | Lair:5   | Identified the +4 spear of Xom's Castigation {chaos, rElec
                  | Str+7} (Xom gifted it to you on level 5 of the Lair of
                  | Beasts)
 21260 | Lair:5   | XOM: scenery: summon butterflies
 21680 | Lair:6   | Entered Level 6 of the Lair of Beasts
 21796 | Lair:6   | XOM: 9-stop teleportation journey
 21821 | Lair:6   | XOM: god gift: 10 stones
 21831 | Lair:6   | XOM: smoke on damage
 21876 | Lair:6   | XOM: snakes to sticks
 21879 | Lair:6   | XOM: polymorph komodo dragon -> meliai
 21884 | Lair:6   | Reached skill level 5 in Evocations
 22131 | Lair:6   | XOM: god gift: scroll of teleportation
 22161 | Lair:6   | Found a viscous altar of Jiyva.
 22161 | Lair:6   | Found a staircase to the Slime Pits.
 22482 | Lair:6   | XOM: polymorph wyvern -> shapeshifter
 22483 | Lair:6   | XOM: confusion (+ monsters)
 22489 | Lair:6   | XOM: noise
 22591 | Lair:5   | XOM: give mutation
 22591 | Lair:5   | Lost mutation: Armour fits poorly on your strangely shaped
                  | body. [Xom's mischief]
 22820 | Lair:6   | XOM: fog
 22881 | Lair:6   | XOM: cast spell 'Summon Hydra'
 22900 | Lair:6   | XOM: silly message
 22911 | Lair:6   | Reached XP level 14. HP: 77/132 MP: 8/13
 22952 | Lair:6   | XOM: 1-stop teleportation journey
 22967 | Lair:5   | XOM: cloud trail
 22981 | Lair:6   | XOM: divination: magic mapping
 23117 | Lair:6   | XOM: god gift: 39 gold pieces
 23249 | Lair:6   | XOM: 1-stop teleportation journey
 23275 | Lair:6   | XOM: confuse monster(s)
 23308 | Lair:6   | XOM: cast spell 'Summon Small Mammal'
 23469 | Lair:6   | XOM: divination: detect creatures
 23483 | Lair:6   | XOM: destruction
 23489 | Lair:6   | XOM: 10-stop teleportation journey
 23631 | Lair:6   | XOM: scenery: create altars
 23670 | Lair:6   | XOM: 1-stop teleportation journey
 23685 | Lair:6   | Noticed Nessos
 23687 | Lair:6   | Noticed Nessos
 23687 | Lair:6   | Nessos changed into Nessos the glowing shapeshifter
 23688 | Lair:6   | Noticed Nessos
 23688 | Lair:6   | Nessos the glowing shapeshifter changed into Nessos the
                  | deep troll
 23709 | Lair:6   | Noticed Nessos
 23712 | Lair:6   | XOM: confusion (+ monsters)
 23712 | Lair:6   | Noticed Nessos
 23712 | Lair:6   | Nessos the torpor snail changed into Nessos the deep troll
 23717 | Lair:6   | Noticed Nessos
 23717 | Lair:6   | Nessos the deep troll changed into Nessos the faun
 23721 | Lair:6   | Noticed Nessos
 23721 | Lair:6   | Nessos the faun changed into Nessos the redback
 23726 | Lair:6   | Noticed Nessos
 23726 | Lair:6   | Nessos the redback changed into Nessos the torpor snail
 23732 | Lair:6   | Noticed Nessos
 23732 | Lair:6   | Nessos the torpor snail changed into Nessos the elephant
 23735 | Lair:6   | Noticed Nessos
 23735 | Lair:6   | Nessos the elephant changed into Nessos the shock serpent
 23737 | Lair:6   | Noticed Nessos
 23737 | Lair:6   | Nessos the shock serpent changed into Nessos the floating
                  | eye
 23738 | Lair:6   | Noticed Nessos
 23738 | Lair:6   | Nessos the floating eye changed into Nessos the mana viper
 23741 | Lair:6   | Killed Nessos the mana viper
 24228 | Lair:5   | XOM: confusion
 24393 | Lair:6   | XOM: summons friendly white imp
 24410 | Lair:6   | XOM: scenery: summon butterflies
 24729 | Lair:6   | XOM: noise
 25065 | Lair:6   | XOM: destruction
 25361 | Lair:6   | XOM: confuse monster(s)
 25366 | Lair:6   | XOM: polymorph swamp dragon -> floating eye
 25369 | Lair:6   | XOM: divination: detect items
 25398 | Lair:6   | Reached skill level 15 in Fighting
 25578 | Lair:3   | XOM: noise
 25719 | D:9      | XOM: give mutations
 25719 | D:9      | Gained mutation: You are very clumsy. (Dex -4) [Xom's
                  | mischief]
 25719 | D:9      | Lost mutation: You passively map a small area around you.
                  | [Xom's mischief]
 25750 | Orc:1    | Entered Level 1 of the Orcish Mines
 25750 | Orc:1    | Found Gyuh's Distillery.
 25750 | Orc:1    | Found Elugawk's Gadget Gallery.
 25794 | Orc:1    | Bought a potion of might for 56 gold pieces
 25823 | Orc:1    | Noticed an orc warlord
 25830 | Orc:1    | XOM: enchant monster (bad)
 26097 | Orc:1    | XOM: summons friendly ufetubus
 26135 | Orc:1    | Noticed an orc warlord
 26137 | Orc:1    | XOM: scenery: summon butterflies
 26149 | Orc:1    | XOM: cast spell 'Disjunction'
 26160 | Orc:1    | Killed an orc warlord
 26299 | Orc:1    | XOM: cast spell 'Call Canine Familiar'
 26334 | Orc:1    | Killed an orc warlord
 26442 | Orc:1    | XOM: divination: detect creatures
 26749 | Orc:1    | Noticed an orc warlord
 26764 | Orc:1    | XOM: polymorph orc warlord -> orc warlord
 26774 | Orc:1    | Killed an orc warlord
 26811 | Orc:1    | XOM: cloud trail
 27090 | Orc:1    | XOM: give mutations
 27090 | Orc:1    | Gained mutation: You are dopey. (Int -2) [Xom's mischief]
 27090 | Orc:1    | Lost mutation: Your body sometimes deteriorates upon taking
                  | damage. [Xom's mischief]
 27090 | Orc:1    | Lost mutation: You are very clumsy. (Dex -4) [Xom's
                  | mischief]
 27090 | Orc:1    | Gained mutation: You are weak. (Str -2) [Xom's mischief]
 27142 | Orc:1    | XOM: give mutations
 27142 | Orc:1    | Gained mutation: You are covered in fur. (AC +1) [Xom's
                  | grace]
 27142 | Orc:1    | Lost mutation: You are clumsy. (Dex -2) [Xom's grace]
 27142 | Orc:1    | Gained mutation: You have a pair of large horns on your
                  | head. [Xom's grace]
 27399 | Orc:2    | Entered Level 2 of the Orcish Mines
 27576 | Orc:2    | Found a staircase to the Elven Halls.
 27620 | Orc:2    | XOM: enchant monster (good)
 27647 | Orc:2    | XOM: confuse monster(s)
 27891 | Orc:2    | Found Zuxkisunae's Distillery.
 27916 | Orc:2    | XOM: noise
 27928 | Orc:2    | Found Rumitock's Antique Armour Emporium.
 28023 | Orc:2    | Found an ancient bone altar of Kikubaaqudgha.
 28034 | Orc:2    | Found Wukuduelu's Jewellery Emporium.
 28034 | Orc:2    | XOM: swap monsters
 28043 | Orc:2    | XOM: noise
 28255 | Orc:2    | Bought an amulet of faith for 600 gold pieces
 28257 | Orc:2    | Noticed Erolcha
 28262 | Orc:2    | Killed Erolcha
 28332 | Orc:2    | Found a radiant altar of Vehumet.
 28348 | Orc:2    | XOM: summons friendly shadow imp
 28349 | Orc:2    | Found Eqorequt's Distillery.
 28352 | Orc:2    | XOM: smoke on damage
 28547 | Orc:2    | Bought a potion of haste for 140 gold pieces
 28547 | Orc:2    | Bought a potion of lignification for 42 gold pieces
 28691 | Orc:2    | XOM: silly message
 28727 | Orc:2    | XOM: blink monster(s)
 28734 | Orc:2    | XOM: confusion
 28735 | Orc:2    | XOM: enchant monster (good)
 28739 | Orc:2    | XOM: noise
 28741 | Orc:2    | XOM: noise
 28970 | Orc:2    | XOM: summons 3 hostile shadow creatures
 29299 | Orc:2    | XOM: give mutations
 29299 | Orc:2    | Gained mutation: You are very weak. (Str -4) [Xom's
                  | mischief]
 29299 | Orc:2    | Lost mutation: You are dopey. (Int -2) [Xom's mischief]
 29378 | D:10     | Killed Nergalle
 29452 | D:11     | XOM: give mutations
 29452 | D:11     | Lost mutation: You are very weak. (Str -4) [Xom's mischief]
 29452 | D:11     | Gained mutation: You occasionally shout uncontrollably at
                  | your foes. [Xom's mischief]
 29452 | D:11     | Lost mutation: You have a pair of large horns on your head.
                  | [Xom's mischief]
 29452 | D:11     | Gained mutation: Armour fits poorly on your strangely
                  | shaped body. [Xom's mischief]
 29466 | D:11     | XOM: noise
 29528 | D:11     | XOM: confusion
 29529 | D:11     | XOM: summons 2 friendly demons
 29534 | D:11     | Reached XP level 15. HP: 94/134 MP: 14/14
 29541 | D:11     | Noticed Maurice
 29561 | D:11     | Killed Maurice
 29582 | D:11     | XOM: 4-stop teleportation journey
 29587 | D:11     | XOM: cast spell 'Summon Dragon'
 29701 | D:11     | XOM: god gift: crystal plate armour {god gift}
 29834 | D:11     | XOM: divination: magic mapping
 29854 | D:11     | XOM: enchant monster (good)
 29931 | D:11     | XOM: god gift: potion of might
 30925 | D:12     | Noticed Jorgrun
 30939 | D:12     | XOM: polymorph Jorgrun -> Jorgrun
 30943 | D:12     | Killed Jorgrun
 30963 | D:12     | XOM is BORED!
 30963 | D:12     | XOM: stat loss: -1 Str (20/21)
 31205 | D:12     | Found a stormy altar of Qazlal.
 31268 | D:12     | XOM: polymorph two-headed ogre -> yaktaur
 31407 | D:12     | XOM: confusion (+ monsters)
 31447 | D:12     | XOM: scenery: 1 doors open, 1 doors close
 31774 | D:12     | XOM: noise
 32054 | D:13     | XOM: chaos upgrade
 32058 | D:13     | XOM: polymorph two-headed ogre -> torpor snail
 32067 | D:12     | XOM: noise
 32244 | D:13     | Reached skill level 10 in Evocations
 32245 | D:13     | XOM: noise
 32456 | D:13     | Noticed Rupert
 32468 | D:12     | XOM: polymorph something unseen -> orb spider
 32518 | D:12     | XOM: silly message
 32557 | D:13     | XOM: confusion (+ monsters)
 32574 | D:13     | Killed Rupert
 32697 | D:13     | XOM: silly message
 32946 | D:13     | Found a gate to the Vaults.
 33136 | D:13     | XOM: 9-stop teleportation journey
 33156 | D:13     | XOM: give mutations
 33156 | D:13     | Lost mutation: You are weak. (Str -2) [Xom's mischief]
 33156 | D:13     | Gained mutation: You sometimes lose the ability to read
                  | scrolls when taking damage. [Xom's mischief]
 33762 | D:14     | XOM: give mutations
 33762 | D:14     | Gained mutation: You are robust. (+10% HP) [Xom's grace]
 33762 | D:14     | Gained mutation: You are very robust. (+20% HP) [Xom's
                  | grace]
 33762 | D:14     | Gained mutation: Your natural rate of healing is unusually
                  | fast. [Xom's grace]
 33762 | D:14     | Gained mutation: You evolve. [Xom's grace]
 33869 | D:14     | XOM: confusion
 33874 | D:14     | XOM: 2-stop teleportation journey
 33875 | D:14     | Noticed Josephine
 33875 | D:14     | XOM: fog
 33923 | D:14     | Killed Josephine
 33942 | D:14     | XOM: 1-stop teleportation journey
 33994 | D:14     | XOM: summons friendly iron imp
 34041 | D:14     | XOM: summons friendly crimson imp
 34043 | D:14     | XOM: scenery: 2 fountains blood, 1 doors close
 34046 | D:14     | XOM: polymorph boulder beetle -> alligator
 34178 | D:14     | Identified Roxanne's Almanac of Earth
 34178 | D:14     | Noticed Roxanne
 34227 | D:14     | XOM: cleaving
 34233 | D:14     | XOM: divination: magic mapping
 34238 | D:14     | XOM: 1-stop teleportation journey
 34264 | D:14     | XOM: destruction
 34266 | D:14     | XOM: potion effect (heal wounds)
 34280 | D:14     | XOM: enchant monster (bad)
 34308 | D:14     | Reached skill level 5 in Throwing
 34319 | D:14     | XOM: confusion (+ monsters)
 34326 | D:14     | XOM: confuse monster(s)
 34334 | D:14     | XOM: potion effect (invisibility)
 34356 | D:14     | Identified the ring of Obofik {Fire rN+ Str+3} (Xom gifted
                  | it to you on level 14 of the Dungeon)
 34356 | D:14     | XOM: god gift: ring of Obofik {Fire rN+ Str+3}
 34358 | D:14     | XOM: potion effect (curing)
 34396 | D:14     | XOM: 7-stop teleportation journey
 34479 | D:14     | XOM: 3-stop teleportation journey
 34777 | D:14     | XOM: scenery: summon butterflies
 34868 | D:15     | Entered Level 15 of the Dungeon
 34971 | D:15     | Gained mutation: Your mind is acute. (Int +2) [evolution]
 34972 | D:15     | XOM: enchant monster (good)
 35013 | D:15     | XOM: noise
 35028 | D:15     | XOM: cast spell 'Olgreb's Toxic Radiance'
 35030 | D:15     | XOM: cleaving
 35082 | D:15     | XOM: 6-stop teleportation journey
 35167 | D:15     | XOM: 1-stop teleportation journey
 35177 | D:15     | Found a staircase to the Depths.
 35177 | D:15     | Noticed a frost giant
 35177 | D:15     | XOM: summons friendly iron imp
 35195 | D:15     | Killed a frost giant
 35240 | D:15     | XOM: cast spell 'Statue Form'
 35272 | D:15     | Reached XP level 16. HP: 182/182 MP: 15/15
 35275 | D:15     | XOM: summons 5 friendly demons
 35285 | D:15     | XOM: fake destruction
 35287 | D:15     | XOM: 1-stop teleportation journey
 35346 | D:15     | XOM: potion effect (curing)
 35352 | D:15     | XOM: summons 2 friendly demons
 35353 | D:15     | XOM: cleaving
 35362 | D:15     | XOM: cleaving
 35365 | D:15     | XOM: cleaving
 35408 | D:15     | XOM: give mutation
 35408 | D:15     | Lost mutation: You evolve. [Xom's grace]
 35408 | D:15     | Gained mutation: You are somewhat resistant to further
                  | mutation. [Xom's grace]
 35553 | D:15     | XOM: scenery: create altars
 35592 | D:15     | XOM: 3-stop teleportation journey
 35671 | D:15     | XOM: 6-stop teleportation journey
 35695 | D:15     | XOM: 1-stop teleportation journey
 35765 | D:15     | XOM: cleaving
 35767 | D:15     | XOM: destruction
 35786 | D:15     | XOM: summons friendly quasit
 36228 | Elf:1    | Entered Level 1 of the Elven Halls
 36240 | Elf:1    | XOM: fog
 36242 | Elf:1    | XOM: confuse monster(s)
 36246 | Elf:1    | XOM: scenery: summon butterflies
 36343 | Elf:1    | XOM: give mutations
 36343 | Elf:1    | Lost mutation: Your mind is acute. (Int +2) [Xom's
                  | mischief]
 36343 | Elf:1    | Lost mutation: You sometimes lose the ability to read
                  | scrolls when taking damage. [Xom's mischief]
 36343 | Elf:1    | Lost mutation: You are very robust. (+20% HP) [Xom's
                  | mischief]
 36355 | Elf:1    | XOM: summons 3 hostile demons
 36415 | Elf:1    | XOM: stat loss: -1 Dex (9/10)
 36423 | Elf:1    | XOM: polymorph deep elf knight -> anaconda
 36429 | Elf:1    | XOM: summons 1 hostile shadow creature
 36435 | Elf:1    | XOM: chaos cloud
 36439 | Elf:1    | XOM: silly message
 36450 | Elf:1    | XOM: silly message
 36461 | Elf:1    | XOM: polymorph deep elf knight -> torpor snail
 36461 | Elf:1    | Gained mutation: You frequently scream uncontrollably at
                  | your foes. [mutagenic glow]
 36471 | Elf:1    | XOM: summons 2 hostile demons
 36481 | Elf:1    | XOM: fake destruction
 36482 | Elf:1    | XOM: smoke on damage
 36731 | Elf:1    | Paralysed by an air elemental for 1 turns
 36775 | Elf:1    | Paralysed by an air elemental for 1 turns
 36791 | Elf:1    | XOM: draining
 36798 | Elf:1    | XOM: polymorph deep elf knight -> ice beast
 36800 | Elf:1    | XOM: chaos cloud
 36802 | Elf:1    | XOM: chaos upgrade
 36813 | Elf:1    | XOM: confusion
 36816 | Elf:1    | XOM: enchant monster (bad)
 37004 | Elf:1    | XOM: smoke on damage
 37066 | Elf:1    | Paralysed by an air elemental for 1 turns
 37069 | Elf:1    | Paralysed by an air elemental for 1 turns
 37097 | Elf:1    | XOM: silly message
 37116 | Elf:1    | XOM: cloud trail
 37153 | Elf:1    | XOM: cast spell 'Metabolic Englaciation'
 37181 | Elf:1    | XOM: enchant monster (good)
 37310 | Elf:1    | XOM: cleaving
 37348 | Elf:1    | XOM: confuse monster(s)
 37397 | Elf:1    | Paralysed by an air elemental for 1 turns
 37398 | Elf:1    | Noticed a sphinx
 37398 | Elf:1    | XOM: blink monster(s)
 37401 | Elf:1    | a sphinx changed into a stone giant
 37403 | Elf:1    | Paralysed by an air elemental for 1 turns
 37404 | Elf:1    | Noticed a sphinx
 37404 | Elf:1    | a stone giant changed into a sphinx
 37405 | Elf:1    | XOM: confuse monster(s)
 37411 | Elf:1    | XOM: blink monster(s)
 37413 | Elf:1    | a sphinx changed into a fenstrider witch
 37416 | Elf:1    | Noticed a sphinx
 37416 | Elf:1    | a fenstrider witch changed into a sphinx
 37419 | Elf:1    | a sphinx changed into a frost giant
 37429 | Elf:1    | XOM: summons 6 hostile demons
 37434 | Elf:1    | Noticed a sphinx
 37434 | Elf:1    | a frost giant changed into a sphinx
 37435 | Elf:1    | a sphinx changed into an eleionoma
 37632 | Elf:1    | XOM: give mutations
 37632 | Elf:1    | Lost mutation: Your spells are a little easier to cast, but
                  | a little less powerful. [Xom's mischief]
 37632 | Elf:1    | Lost mutation: You frequently scream uncontrollably at your
                  | foes. [Xom's mischief]
 37632 | Elf:1    | Lost mutation: You expend magic power (3 MP) to strengthen
                  | your wands. [Xom's mischief]
 37730 | Elf:1    | XOM: torment (56/166 hp)
 37857 | Elf:1    | Got the Guide on Lightness
 37906 | Elf:1    | Found Apsiur's Magic Scroll Boutique.
 37914 | Elf:1    | Bought 3 scrolls of enchant armour for 247 gold pieces
 37914 | Elf:1    | Bought a scroll of enchant weapon for 82 gold pieces
 37914 | Elf:1    | Bought a scroll of teleportation for 33 gold pieces
 38246 | Elf:1    | XOM: scenery: create altars
 38248 | Elf:1    | XOM: cleaving
 38260 | Elf:1    | XOM: cleaving
 38513 | Elf:2    | XOM: enchant monster (good)
 38524 | Elf:1    | Paralysed by an air elemental for 1 turns
 38533 | Elf:1    | Paralysed by an air elemental for 1 turns
 38547 | Elf:1    | XOM: divination: magic mapping
 38748 | Elf:1    | XOM: give mutations
 38748 | Elf:1    | Gained mutation: You are agile. (Dex +2) [Xom's grace]
 38748 | Elf:1    | Gained mutation: You have supernaturally acute eyesight.
                  | (SInv) [Xom's grace]
 38748 | Elf:1    | Lost mutation: You are somewhat resistant to further
                  | mutation. [Xom's grace]
 38748 | Elf:1    | Gained mutation: You evolve. [Xom's grace]
 38806 | Elf:2    | XOM: destruction
 39053 | Elf:1    | XOM: god gift: potion of lignification
 39219 | Elf:2    | XOM: butterfly on damage
 39303 | Elf:2    | XOM: enchant monster (good)
 39305 | Elf:2    | XOM: god gift: wand of mindburst (6)
 39348 | Elf:2    | XOM: polymorph deep elf death mage -> shapeshifter
 39368 | Elf:1    | XOM: cloud trail
 39509 | Elf:2    | XOM: 2-stop teleportation journey
 39515 | Elf:2    | XOM: scenery: create altars
 39686 | Elf:2    | XOM: give mutations
 39686 | Elf:2    | Lost mutation: Armour fits poorly on your strangely shaped
                  | body. [Xom's mischief]
 39686 | Elf:2    | Lost mutation: You occasionally shout uncontrollably at
                  | your foes. [Xom's mischief]
 39712 | Elf:2    | XOM: scenery: 1 doors open
 39828 | Elf:2    | Reached XP level 17. HP: 133/138 MP: 16/16
 39839 | Elf:2    | XOM: confuse monster(s)
 40030 | Elf:2    | XOM: god gift: hand axe {god gift}
 40056 | Elf:2    | XOM: potion effect (invisibility)
 40210 | Elf:2    | Found a runed translucent gate.
 40211 | Elf:2    | Found a runed translucent gate.
 40211 | Elf:2    | Found a runed translucent gate.
 40244 | Elf:2    | XOM: cleaving
 40335 | Elf:2    | Noticed a deep elf blademaster
 40348 | Elf:2    | XOM: scenery: summon butterflies
 40350 | Elf:2    | XOM: divine lightning
 40352 | Elf:2    | XOM: destruction
 40470 | Elf:2    | XOM: confuse monster(s)
 40487 | Elf:2    | Killed a deep elf blademaster
 40536 | Elf:2    | XOM: enchant monster (good)
 40626 | Elf:2    | XOM: 1-stop teleportation journey
 40633 | Elf:2    | XOM: scenery: summon butterflies
 40714 | Elf:2    | XOM: polymorph deep elf knight -> satyr
 40797 | Elf:2    | XOM: fake destruction
 40798 | Elf:2    | XOM: destruction
 41006 | Elf:1    | Reached skill level 1 in Unarmed Combat
 41378 | Snake:1  | Entered Level 1 of the Snake Pit
 41380 | Snake:1  | XOM: cast spell 'Monstrous Menagerie'
 41586 | Snake:1  | Found Gosebuy's Jewellery Shop.
 41586 | Snake:1  | XOM: 3-stop teleportation journey
 41668 | Snake:1  | XOM: silly message
 41713 | Snake:1  | XOM: divination: detect items
 41733 | Snake:1  | Found Ycwill's Book Shoppe.
 41734 | Snake:1  | Found Zifesm's Jewellery Shop.
 41795 | Snake:1  | XOM: potion effect (invisibility)
 41806 | Snake:1  | XOM: blink monster(s)
 41815 | Snake:1  | XOM: enchant monster (bad)
 41821 | Snake:1  | XOM: smoke on damage
 41825 | Snake:1  | XOM: divination: detect creatures
 41837 | Snake:1  | XOM: scenery: create altars
 41848 | Snake:1  | XOM: snakes to sticks
 41881 | Snake:1  | XOM: enchant monster (good)
 41882 | Snake:1  | XOM: cast spell 'Olgreb's Toxic Radiance'
 41886 | Snake:1  | XOM: cleaving
 41893 | Snake:1  | Reached skill level 5 in Unarmed Combat
 41978 | Snake:1  | XOM: give mutations
 41978 | Snake:1  | Gained mutation: You are partially covered in iridescent
                  | scales. (AC +2) [Xom's grace]
 41978 | Snake:1  | Gained mutation: You are strong-willed. (Will+) [Xom's
                  | grace]
 41978 | Snake:1  | Gained mutation: Your muscles are strong. (Str +2) [Xom's
                  | grace]
 42089 | Snake:1  | XOM: god gift: 51 gold pieces
 42136 | Snake:1  | XOM: divination: magic mapping
 42362 | Snake:1  | XOM: cloud trail
 42518 | Snake:1  | XOM: summons 1 friendly demon
 42643 | Snake:1  | Identified the +0 robe of Blue Joy {rPois rF+}
 42834 | Snake:1  | XOM: confuse monster(s)
 42840 | Snake:1  | XOM: polymorph naga sharpshooter -> moth of wrath
 42841 | Snake:1  | XOM: summons friendly crimson imp
 42976 | Snake:1  | XOM: scenery: create altars
 43253 | Snake:2  | XOM: confuse monster(s)
 43262 | Snake:2  | XOM: give mutations
 43262 | Snake:2  | Gained mutation: Your muscles are very strong. (Str +4)
                  | [Xom's grace]
 43262 | Snake:2  | Gained mutation: You have large cloven feet. [Xom's grace]
 43303 | Snake:2  | XOM: cast spell 'Shadow Creatures'
 43408 | Snake:2  | XOM: summons 13 friendly demons
 43465 | Snake:2  | XOM: cloud trail
 43487 | Snake:2  | XOM: polymorph salamander -> golden eye
 43494 | Snake:2  | XOM: confuse monster(s)
 43509 | Snake:2  | XOM: destruction
 43565 | Snake:2  | XOM: polymorph naga -> acid dragon
 43571 | Snake:2  | XOM: divination: detect creatures
 43579 | Snake:2  | XOM: god gift: robe {god gift}
 43579 | Snake:2  | Noticed Frances
 43591 | Snake:2  | XOM: repel stairs
 43593 | Snake:2  | XOM: enchant monster (bad)
 43594 | Snake:2  | Killed Frances
 43597 | Snake:2  | XOM: give mutation
 43597 | Snake:2  | Lost mutation: You are agile. (Dex +2) [Xom's mischief]
 43600 | Snake:2  | XOM: silly message
 43797 | Snake:2  | Found Iddoh's Distillery.
 43807 | Snake:2  | XOM: potion effect (haste)
 43812 | Snake:2  | XOM: summons 2 friendly demons
 43832 | Snake:2  | XOM: enchant monster (good)
 43895 | Snake:2  | XOM: blink monster(s)
 43913 | Snake:2  | Reached skill level 10 in Unarmed Combat
 43918 | Snake:2  | Bought a potion of might for 40 gold pieces
 43918 | Snake:2  | Bought a potion of heal wounds for 50 gold pieces
 43942 | Snake:2  | XOM: summons friendly shadow imp
 44001 | Snake:2  | Reached XP level 18. HP: 93/193 MP: 17/17
 44299 | Snake:2  | XOM: noise
 44316 | Snake:3  | XOM: blink monster(s)
 44393 | Snake:3  | XOM: cast spell 'Dispersal'
 44438 | Snake:3  | XOM: cleaving
 44459 | Snake:3  | Found Qeibracwiy's Jewellery Emporium.
 44459 | Snake:3  | XOM: 8-stop teleportation journey
 44529 | Snake:3  | XOM: chaos cloud
 44533 | Snake:3  | XOM: blink monster(s)
 44631 | Snake:3  | XOM: enchant monster (bad)
 44842 | Snake:3  | XOM: summons 1 hostile demon
 44843 | Snake:3  | Gained mutation: Your system is resistant to poisons.
                  | (rPois) [evolution]
 44930 | Snake:3  | XOM: summons 4 hostile demons
 45039 | Snake:4  | Entered Level 4 of the Snake Pit
 45124 | Snake:4  | XOM: silly message
 45146 | Snake:4  | XOM: 3-stop teleportation journey
 45165 | Snake:4  | XOM: swap monsters
 45170 | Snake:4  | XOM: enchant monster (bad)
 45176 | Snake:4  | XOM: noise
 45177 | Snake:4  | XOM: enchant monster (bad)
 45186 | Snake:4  | XOM: blink monster(s)
 45191 | Snake:4  | XOM: chaos cloud
 45192 | Snake:4  | XOM: enchant monster (good)
 45193 | Snake:4  | Reached skill level 1 in Earth Magic
 45195 | Snake:4  | XOM: summons 6 friendly demons
 45216 | Snake:4  | XOM: summons friendly crimson imp
 45228 | Snake:4  | XOM: enchant monster (good)
 45233 | Snake:4  | XOM: summons 5 hostile demons
 45235 | Snake:4  | XOM: 2-stop teleportation journey
 45275 | Snake:4  | XOM: 1-stop teleportation journey
 45405 | Snake:4  | XOM: noise
 45408 | Snake:4  | XOM: swap monsters
 45413 | Snake:4  | XOM: summons 3 hostile shadow creatures
 45424 | Snake:4  | XOM: summons 3 friendly demons
 45481 | Snake:4  | XOM: 1-stop teleportation journey
 45574 | Snake:4  | XOM: enchant monster (good)
 45588 | Snake:4  | XOM: enchant monster (good)
 45722 | Snake:4  | XOM: confusion (+ monsters)
 45727 | Snake:4  | XOM: noise
 45728 | Snake:4  | XOM: god gift: short sword {god gift}
 45741 | Snake:4  | XOM: repel stairs
 45743 | Snake:4  | XOM: summons 1 hostile shadow creature
 45786 | Snake:4  | XOM: give mutations
 45786 | Snake:4  | Lost mutation: Your muscles are very strong. (Str +4)
                  | [Xom's mischief]
 45786 | Snake:4  | Gained mutation: You are agile. (Dex +2) [Xom's mischief]
 45786 | Snake:4  | Lost mutation: You are strong-willed. (Will+) [Xom's
                  | mischief]
 45937 | Snake:4  | XOM: swap monsters
 46024 | Snake:4  | Got a serpentine rune of Zot
 46114 | Snake:4  | Reached skill level 15 in Armour
 46207 | Snake:4  | XOM: polymorph naga sharpshooter -> two-headed ogre
 46214 | Snake:4  | XOM: enchant monster (good)
 46295 | Snake:4  | XOM: god gift: Xom's Incunabulum of the Guilds {god gift}
 46296 | Snake:4  | Got Xom's Incunabulum of the Guilds {god gift}
 46399 | Snake:1  | Bought the ring "Oshyqu Curgh" {rC+ EV+4} for 550 gold
                  | pieces
 46481 | Swamp:1  | Entered Level 1 of the Swamp
 46499 | Swamp:1  | XOM: god gift: potion of haste
 46664 | Swamp:1  | Identified the +1 plate armour of Cheibriados's Whim
                  | {Will+}
 46871 | Swamp:1  | XOM: noise
 46886 | Swamp:1  | XOM: cast spell 'Call Canine Familiar'
 46890 | Swamp:1  | XOM: confuse monster(s)
 47213 | Swamp:1  | XOM: confuse monster(s)
 47268 | Swamp:2  | You fall into a shaft and drop 1 floor!
 47282 | Swamp:2  | XOM: divination: detect creatures
 47284 | Swamp:2  | XOM: divination: detect creatures
 47298 | Swamp:2  | XOM: cast spell 'Cause Fear'
 47365 | Swamp:2  | XOM: divination: detect creatures
 47371 | Swamp:2  | XOM: 1-stop teleportation journey
 47424 | Swamp:2  | XOM: silly message
 47513 | Swamp:2  | Found a blossoming altar of Fedhas.
 47735 | Swamp:2  | XOM: 1-stop teleportation journey
 47875 | Swamp:2  | XOM: summons friendly quasit
 47885 | Swamp:2  | XOM: cast spell 'Call Canine Familiar'
 47889 | Swamp:2  | XOM: cast spell 'Alistair's Intoxication'
 47991 | Swamp:2  | XOM: noise
 48020 | Swamp:3  | XOM: 3-stop teleportation journey
 48066 | Swamp:3  | XOM: enchant monster (bad)
 48072 | Swamp:3  | Reached XP level 19. HP: 200/200 MP: 18/18
 48093 | Swamp:3  | XOM: fog
 48134 | Swamp:3  | Reached skill level 15 in Unarmed Combat
 48142 | Swamp:3  | XOM: cast spell 'Summon Hydra'
 48243 | Swamp:3  | XOM: enchant monster (bad)
 48248 | Swamp:3  | XOM: 6-stop teleportation journey
 48255 | Swamp:3  | XOM: 2-stop teleportation journey
 48380 | Swamp:3  | XOM: enchant monster (good)
 48403 | Swamp:3  | XOM: divination: detect creatures
 48643 | Swamp:4  | Entered Level 4 of the Swamp
 48653 | Swamp:4  | XOM: cast spell 'Shadow Creatures'
 48687 | Swamp:4  | XOM: cast spell 'Statue Form'
 48739 | Swamp:4  | Identified the ring "Sitaopuk" {Drain Str+3 Int-2 Dex+8
                  | Slay+4}
 48806 | Swamp:4  | XOM: cast spell 'Summon Dragon'
 48808 | Swamp:4  | XOM: cast spell 'Call Canine Familiar'
 48817 | Swamp:4  | XOM: noise
 48819 | Swamp:4  | XOM: noise
 48820 | Swamp:4  | XOM: enchant monster (good)
 48828 | Swamp:4  | XOM: cast spell 'Alistair's Intoxication'
 48841 | Swamp:4  | XOM: summons friendly quasit
 48863 | Swamp:4  | XOM: confuse monster(s)
 49001 | Swamp:4  | XOM: divination: detect items
 49005 | Swamp:4  | XOM: summons 7 friendly demons
 49142 | Swamp:4  | XOM: potion effect (might)
 49342 | Swamp:4  | Got a decaying rune of Zot
 49692 | Vaults:1 | Entered Level 1 of the Vaults
 49703 | Vaults:1 | XOM: summons friendly white imp
 49712 | Vaults:1 | Reached skill level 5 in Dodging
 49736 | Vaults:1 | XOM: enchant monster (good)
 49737 | Vaults:1 | XOM: summons friendly white imp
 49739 | Vaults:1 | XOM: scenery: 1 doors close
 49823 | Vaults:1 | XOM: confuse monster(s)
 49862 | Vaults:1 | XOM: scenery: 2 doors open
 49960 | Vaults:1 | XOM: divination: detect items
 50050 | Vaults:1 | XOM: noise
 50063 | Vaults:1 | XOM: confusion
 50109 | Vaults:1 | XOM: confuse monster(s)
 50117 | Vaults:1 | XOM: cast spell 'Summon Ice Beast'
 50188 | Vaults:1 | XOM: 1-stop teleportation journey
 50224 | Vaults:1 | XOM: summons 3 friendly demons
 50231 | Vaults:1 | XOM: fog
 50321 | Vaults:1 | XOM: enchant monster (good)
 50323 | Vaults:1 | XOM: divination: magic mapping
 50518 | Vaults:1 | Found the +9 staff of Olgreb {rPois∞}
 50541 | Vaults:1 | XOM: divination: detect items
 50543 | Vaults:1 | XOM: draining
 50647 | Vaults:1 | XOM: divination: detect items
 50650 | Vaults:1 | XOM: noise
 50661 | Vaults:1 | Reached XP level 20. HP: 190/198 MP: 19/19
 50687 | Vaults:1 | XOM: god gift: 15 gold pieces
 50714 | Vaults:1 | XOM: 3-stop teleportation journey
 50781 | Vaults:1 | Found a runed translucent gate.
 50782 | Vaults:1 | Found a runed translucent gate.
 50787 | Vaults:1 | Noticed howech's ghost (veteran MiGl)
 50796 | Vaults:1 | Found a runed translucent gate.
 50949 | Vaults:1 | XOM: silly message
 51136 | Vaults:2 | XOM: noise
 51183 | Vaults:2 | XOM: confuse monster(s)
 51197 | Vaults:2 | Reached skill level 10 in Dodging
 51198 | Vaults:2 | Identified the +1 robe "Bikluch" {rF+ rC- Dex+4}
 51206 | Vaults:2 | XOM: smoke on damage
 51207 | Vaults:2 | XOM: cast spell 'Discord'
 51209 | Vaults:2 | XOM: blink monster(s)
 51217 | Vaults:2 | Noticed Frederick
 51221 | Vaults:2 | Killed Frederick
 51368 | Vaults:2 | Gained mutation: You possess an exceptional clarity of
                  | mind. [evolution]
 51405 | Vaults:2 | XOM: potion effect (haste)
 51408 | Vaults:2 | XOM: confuse monster(s)
 51414 | Vaults:2 | XOM: cloud trail
 51468 | Vaults:2 | XOM: scenery: 1 doors close
 51489 | Vaults:2 | XOM: summons friendly white imp
 51567 | Vaults:2 | XOM: give mutations
 51567 | Vaults:2 | Gained mutation: You have a pair of large horns on your
                  | head. [Xom's grace]
 51567 | Vaults:2 | Gained mutation: You are mostly covered in iridescent
                  | scales. (AC +4) [Xom's grace]
 51567 | Vaults:2 | Gained mutation: You are resistant to electric shocks.
                  | (rElec) [Xom's grace]
 51714 | Vaults:2 | Identified the +1 leather armour of the Cooper {Fly MP+9
                  | Str+3 Stlth+}
 52057 | Vaults:2 | XOM: destruction
 52059 | Vaults:2 | XOM: noise
 52310 | Vaults:2 | XOM: divination: detect items
 52351 | Vaults:3 | XOM: cast spell 'Cause Fear'
 52430 | Vaults:3 | XOM: confuse monster(s)
 52435 | Vaults:3 | XOM: silly message
 52515 | Vaults:3 | XOM: summons friendly crimson imp
 52528 | Vaults:3 | XOM: summons friendly shadow imp
 52532 | Vaults:3 | XOM: blink monster(s)
 52534 | Vaults:3 | XOM: enchant monster (bad)
 52558 | Vaults:3 | XOM: cast spell 'Summon Ice Beast'
 52688 | Vaults:3 | Noticed Asterion
 52692 | Vaults:3 | Killed Asterion
 52693 | Vaults:3 | XOM: summons 11 friendly demons
 52697 | Vaults:3 | XOM: cast spell 'Summon Mana Viper'
 52698 | Vaults:3 | XOM: summons 7 friendly demons
 52830 | Vaults:3 | XOM: divination: magic mapping
 52886 | Vaults:3 | Noticed Margery
 52886 | Vaults:3 | XOM: silly message
 52888 | Vaults:3 | XOM: chaos cloud
 52897 | Vaults:3 | Killed Margery
 52959 | Vaults:3 | Reached XP level 21. HP: 217/217 MP: 20/20
 53106 | Vaults:3 | XOM: give mutation
 53106 | Vaults:3 | Lost mutation: You evolve. [Xom's grace]
 53106 | Vaults:3 | Gained mutation: You are somewhat resistant to further
                  | mutation. [Xom's grace]
 53119 | Vaults:3 | XOM: noise
 53121 | Vaults:3 | XOM: stat loss: -1 Str (29/30)
 53126 | Vaults:3 | XOM: swap monsters
 53130 | Vaults:3 | XOM: give mutations
 53130 | Vaults:3 | Lost mutation: Your muscles are strong. (Str +2) [Xom's
                  | mischief]
 53130 | Vaults:3 | Lost mutation: You have very sharp fingernails. [Xom's
                  | mischief]
 53130 | Vaults:3 | Lost mutation: You have large cloven feet. [Xom's mischief]
 53130 | Vaults:3 | Lost mutation: You are robust. (+10% HP) [Xom's mischief]
 53160 | Vaults:3 | XOM: enchant monster (good)
 53168 | Vaults:3 | XOM: polymorph green very ugly thing -> white very ugly
                  | thing
 53240 | Vaults:3 | XOM: god gift: twisted smoking staff {god gift}
 53364 | Vaults:3 | Found a staircase to the Crypt.
 53499 | Vaults:3 | XOM: god gift: leather armour {god gift}
 53512 | Vaults:3 | XOM: god gift: +0 kite shield of cold resistance
 53629 | Vaults:4 | Reached skill level 15 in Dodging
 53773 | Vaults:4 | XOM: summons 11 friendly demons
 53781 | Vaults:4 | XOM: 3-stop teleportation journey
 53830 | Vaults:4 | XOM: silly message
 53857 | Vaults:4 | XOM: potion effect (heal wounds)
 53979 | Vaults:4 | XOM: divination: detect creatures
 53981 | Vaults:4 | XOM: divination: detect items
 54098 | Vaults:4 | XOM: confuse monster(s)
 54114 | Vaults:4 | XOM: confuse monster(s)
 54123 | Vaults:4 | XOM: summons friendly crimson imp
 54190 | Vaults:4 | XOM: repel stairs
 54192 | Vaults:4 | XOM: noise
 54212 | Vaults:4 | XOM: give mutations
 54212 | Vaults:4 | Lost mutation: You are agile. (Dex +2) [Xom's mischief]
 54212 | Vaults:4 | Gained mutation: You occasionally shout uncontrollably at
                  | your foes. [Xom's mischief]
 54246 | Vaults:4 | XOM: give mutation
 54246 | Vaults:4 | Lost mutation: You possess an exceptional clarity of mind.
                  | [Xom's mischief]
 54314 | Vaults:4 | XOM: draining
 54315 | Vaults:4 | XOM: stat loss: -1 Dex (19/20)
 54352 | Vaults:4 | XOM: enchant monster (bad)
 54442 | Vaults:4 | XOM: god gift: wand of iceblast (8)
 54492 | Vaults:4 | XOM: scenery: 1 doors close
 54505 | Vaults:4 | Noticed Aizul
 54508 | Vaults:4 | XOM: summons 2 friendly demons
 54514 | Vaults:4 | Killed Aizul
 54666 | Vaults:4 | XOM: summons 3 friendly demons
 54745 | Vaults:4 | XOM: destruction
 54747 | Vaults:4 | XOM: summons friendly iron imp
 54751 | Vaults:4 | XOM: cast spell 'Monstrous Menagerie'
 54755 | Vaults:4 | XOM: enchant monster (bad)
 54763 | Vaults:4 | XOM: cast spell 'Cause Fear'
 54994 | Vaults:4 | XOM: god gift: 18 stones
 55051 | Vaults:5 | Entered Level 5 of the Vaults
 55062 | Vaults:5 | XOM: polymorph tentacled monstrosity -> hellephant
 55063 | Vaults:5 | XOM: fog
 55078 | Vaults:4 | XOM: enchant monster (good)
 55079 | Vaults:4 | XOM: confuse monster(s)
 55102 | Vaults:4 | XOM: cloud trail
 55153 | Vaults:4 | XOM: scenery: 1 doors close
 55193 | Vaults:5 | XOM: destruction
 55199 | Vaults:4 | XOM: summons friendly crimson imp
 55205 | Vaults:4 | XOM: chaos cloud
 55210 | Vaults:4 | XOM: enchant monster (bad)
 55272 | Vaults:4 | XOM: repel stairs
 55307 | Vaults:5 | XOM: confuse monster(s)
 55316 | Vaults:4 | Reached XP level 22. HP: 173/205 MP: 21/21
 55319 | Vaults:4 | XOM: summons 4 hostile shadow creatures
 55322 | Vaults:5 | XOM: potion effect (might)
 55324 | Vaults:5 | XOM: polymorph tentacled monstrosity -> tentacled
                  | monstrosity
 55326 | Vaults:4 | XOM: cast spell 'Leda's Liquefaction'
 55443 | Vaults:5 | XOM: divination: detect items
 55445 | Vaults:5 | XOM: confuse monster(s)
 55451 | Vaults:5 | XOM: summons 7 friendly demons
 55458 | Vaults:5 | XOM: chaos upgrade
 55479 | Vaults:4 | XOM: noise
 55521 | Vaults:5 | XOM: enchant monster (bad)
 55528 | Vaults:5 | Identified the +7 hunting sling "Otsekk" {vorpal, rElec
                  | rPois Int-2}
 55530 | Vaults:5 | XOM: cast spell 'Summon Mana Viper'
 55657 | Vaults:5 | XOM: scenery: create altars
 55661 | Vaults:5 | XOM: summons friendly iron imp
 55898 | Vaults:5 | Cast into level 2 of the Abyss (vault guard)
 55948 | Abyss:2  | XOM: confuse monster(s)
 55951 | Abyss:2  | XOM: noise
 55981 | Abyss:2  | XOM: potion effect (curing)
 55982 | Abyss:2  | Paralysed by accursed screaming for 1 turns
 56056 | Abyss:3  | XOM: god gift: robe {god gift}
 56071 | Abyss:3  | XOM: silly message
 56274 | Abyss:3  | Got an abyssal rune of Zot
 56288 | Abyss:3  | XOM: summons friendly shadow imp
 56290 | Abyss:3  | XOM: polymorph rakshasa -> demonic crawler
 56293 | Vaults:5 | Escaped the Abyss
 56409 | Vaults:5 | XOM: polymorph titan -> shapeshifter
 56458 | Vaults:5 | XOM: scenery: summon butterflies
 56501 | Vaults:5 | XOM: cleaving
 56527 | Vaults:5 | XOM: scenery: create altars
 56539 | Vaults:5 | Noticed a golden dragon
 56548 | Vaults:5 | Killed a golden dragon
 56560 | Vaults:5 | XOM: confuse monster(s)
 56573 | Vaults:5 | Noticed a golden dragon
 56574 | Vaults:5 | XOM: cast spell 'Summon Small Mammal'
 56599 | Vaults:5 | XOM: fog
 56603 | Vaults:5 | Killed a golden dragon
 56603 | Vaults:5 | Identified the ring of Mituk {rF+ MP+9}
 56607 | Vaults:5 | XOM: divination: magic mapping
 56722 | Vaults:5 | XOM: enchant monster (good)
 56726 | Vaults:5 | XOM: cast spell 'Alistair's Intoxication'
 56808 | Vaults:5 | XOM: enchant monster (good)
 56824 | Vaults:5 | Identified the +6 chain mail of Hedge Wizardry {rPois rC-
                  | SInv}
 56843 | Vaults:5 | XOM: enchant monster (good)
 56901 | Vaults:5 | XOM: polymorph entropy weaver -> tyrant leech
 56937 | Vaults:5 | XOM: god gift: 25 gold pieces
 56956 | Vaults:5 | Reached XP level 23. HP: 213/213 MP: 22/22
 56983 | Vaults:5 | Found Maafiek's Jewellery Shoppe.
 57407 | Vaults:5 | XOM: 1-stop teleportation journey
 57444 | Vaults:5 | XOM: god gift: pair of gloves {god gift}
 57489 | Vaults:5 | Got a silver rune of Zot
 57588 | Vaults:5 | Identified the +8 glaive "Demon's Nightmare" {speed, Str+6
                  | Dex+5}
 57640 | Vaults:5 | XOM: give mutations
 57640 | Vaults:5 | Lost mutation: You have a pair of large horns on your head.
                  | [Xom's mischief]
 57640 | Vaults:5 | Lost mutation: Your system is resistant to poisons. (rPois)
                  | [Xom's mischief]
 57640 | Vaults:5 | Lost mutation: You have supernaturally acute eyesight.
                  | (SInv) [Xom's mischief]
 58035 | Depths:1 | Entered Level 1 of the Depths
 58070 | Depths:1 | Found a one-way gate to the infinite horrors of the Abyss.
 58205 | Depths:1 | XOM: enchant monster (bad)
 58212 | Depths:1 | XOM: fog
 58264 | Depths:1 | Got the Papyrus of Bewitching Intoxication
 58345 | Depths:1 | XOM: confusion
 58630 | Depths:1 | XOM: 1-stop teleportation journey
 58711 | Depths:1 | XOM: 4-stop teleportation journey
 58786 | Depths:1 | Found a gateway to Hell.
 58865 | Depths:1 | XOM: 5-stop teleportation journey
 58871 | Depths:1 | XOM: potion effect (invisibility)
 59095 | Depths:1 | Found a one-way gate leading to the halls of Pandemonium.
 59236 | Depths:1 | XOM: silly message
 59285 | Depths:1 | XOM: cloud trail
 59286 | Depths:1 | XOM: noise
 59343 | Depths:1 | XOM: divination: detect creatures
 59433 | Depths:2 | Found a runed translucent door.
 59533 | Depths:2 | XOM: confuse monster(s)
 59543 | Depths:2 | XOM: divination: detect creatures
 59600 | Depths:2 | XOM: cast spell 'Summon Mana Viper'
 59601 | Depths:2 | XOM: divination: detect items
 59612 | Depths:2 | XOM: 1-stop teleportation journey
 59619 | Depths:2 | XOM: 1-stop teleportation journey
 59634 | Depths:2 | XOM: blink monster(s)
 59647 | Depths:2 | XOM: swap monsters
 59791 | Depths:2 | XOM: 1-stop teleportation journey
 59842 | Depths:2 | XOM: give mutations
 59842 | Depths:2 | Lost mutation: You are mostly covered in iridescent scales.
                  | (AC +4) [Xom's mischief]
 59842 | Depths:2 | Lost mutation: You are somewhat resistant to further
                  | mutation. [Xom's mischief]
 59842 | Depths:2 | Lost mutation: You are resistant to electric shocks.
                  | (rElec) [Xom's mischief]
 59842 | Depths:2 | Gained mutation: You expend magic power (3 MP) to
                  | strengthen your wands. [Xom's mischief]
 59893 | Depths:2 | XOM: divination: magic mapping
 59938 | Depths:2 | XOM: silly message
 60033 | Depths:2 | XOM: divination: magic mapping
 60033 | Depths:2 | Identified the ring of Dithmenos's Delight {Ice Str+5 Int+3
                  | Dex-3}
 60039 | Depths:2 | XOM: cast spell 'Alistair's Intoxication'
 60042 | Depths:2 | Identified the ring "Amukk" {Ice rCorr Str-5 Dex+8 SInv}
 60042 | Depths:2 | XOM: divination: detect creatures
 60052 | Depths:2 | XOM: cast spell 'Shadow Creatures'
 60060 | Depths:2 | Identified the ring "Rediz" {rC+ Slay+2}
 60081 | Depths:2 | Identified the amulet "Ceuckaa" {rPois Regen+}
 60185 | Depths:2 | Noticed Qiadic's ghost (adept HaHu)
 60235 | Depths:2 | XOM: confuse monster(s)
 60356 | Depths:2 | Killed Qiadic's ghost
 60362 | Depths:2 | Identified the ring of Incredulity {rC+ Int+6}
 60406 | Depths:3 | XOM: noise
 60406 | Depths:3 | XOM: noise
 60413 | Depths:3 | XOM: confuse monster(s)
 60445 | Depths:3 | Paralysed by a floating eye for 2 turns
 60449 | Depths:2 | XOM: summons friendly white imp
 60521 | Depths:3 | Paralysed by a floating eye for 2 turns
 60555 | Depths:3 | XOM: enchant monster (good)
 60648 | Depths:3 | Noticed an ancient lich
 60657 | Depths:3 | Killed an ancient lich
 60735 | Depths:3 | XOM: 2-stop teleportation journey
 60820 | Depths:3 | XOM: 2-stop teleportation journey
 60820 | Depths:3 | Identified the +6 morningstar "Dragonslayer" {drain, rC+}
 60831 | Depths:3 | XOM: enchant monster (good)
 60837 | Depths:3 | Noticed a juggernaut
 60840 | Depths:3 | XOM: chaos cloud
 60846 | Depths:3 | Killed a juggernaut
 60930 | Depths:3 | XOM: torment (110/218 hp)
 61013 | Depths:3 | Found a broken altar of Ashenzari.
 61100 | Depths:3 | XOM: summons 2 hostile shadow creatures
 61220 | Depths:4 | XOM: chaos cloud
 61225 | Depths:4 | XOM: noise
 61230 | Depths:3 | XOM: enchant monster (good)
 61278 | Depths:4 | XOM: potion effect (curing)
 61293 | Depths:4 | XOM: potion effect (haste)
 61402 | Depths:4 | XOM: enchant monster (good)
 61449 | Depths:4 | XOM: 1-stop teleportation journey
 61450 | Depths:4 | XOM: summons friendly quasit
 61454 | Depths:4 | XOM: 2-stop teleportation journey
 61532 | Depths:4 | XOM: god gift: chain mail {god gift}
 61767 | Depths:4 | Reached XP level 24. HP: 228/228 MP: 22/22
 61778 | Depths:4 | XOM: cloud trail
 61869 | Depths:4 | XOM: scenery: 2 doors open
 61877 | Depths:4 | XOM: summons friendly shadow imp
 61878 | Depths:4 | XOM: silly message
 61886 | Depths:4 | XOM: divination: detect creatures
 61888 | Depths:4 | XOM: destruction
 61892 | Depths:4 | XOM: repel stairs
 61908 | Depths:4 | XOM: silly message
 61910 | Depths:4 | XOM: summons 4 friendly demons
 61915 | Depths:4 | XOM: potion effect (berserk rage)
 61917 | Depths:4 | XOM: silly message
 61924 | Depths:4 | XOM: cloud trail
 62098 | Depths:4 | XOM: confuse monster(s)
 62113 | Depths:4 | XOM: 1-stop teleportation journey
 62445 | Depths:5 | XOM: noise
 62445 | Depths:5 | Entered Level 5 of the Depths
 62475 | Depths:5 | XOM: potion effect (curing)
 62616 | Depths:4 | XOM: potion effect (heal wounds)
 62623 | Depths:5 | XOM: divination: magic mapping
 62624 | Depths:5 | XOM: potion effect (berserk rage)
 62676 | Depths:5 | XOM: potion effect (brilliance)
 62677 | Depths:5 | XOM: silly message
 62685 | Depths:4 | XOM: silly message
 62689 | Depths:4 | XOM: silly message
 62798 | Depths:5 | XOM: divination: magic mapping
 62802 | Depths:5 | XOM: silly message
 62812 | Depths:5 | XOM: silly message
 62839 | Depths:5 | XOM: silly message
 63047 | Depths:5 | XOM: cast spell 'Cause Fear'
 63123 | Depths:5 | XOM: confuse monster(s)
 63146 | Depths:5 | XOM: divination: detect creatures
 63193 | Depths:5 | XOM: 3-stop teleportation journey
 63282 | Depths:4 | XOM: noise
 63354 | Depths:5 | XOM: cleaving
 63448 | Depths:5 | Found a gateway to a ziggurat.
 63479 | Depths:5 | Identified the +2 ring mail of Gallantry {Harm rPois}
 63542 | Depths:5 | XOM: 1-stop teleportation journey
 63575 | Depths:5 | XOM: silly message
 63741 | Depths:5 | XOM: torment (118/233 hp)
 63981 | Depths:5 | Found a gate to the Realm of Zot.
 64008 | Depths:5 | XOM: give mutations
 64008 | Depths:5 | Lost mutation: You expend magic power (3 MP) to strengthen
                  | your wands. [Xom's mischief]
 64008 | Depths:5 | Gained mutation: You sometimes lose the ability to read
                  | scrolls when taking damage. [Xom's mischief]
 64008 | Depths:5 | Lost mutation: You are partially covered in iridescent
                  | scales. (AC +2) [Xom's mischief]
 64008 | Depths:5 | Gained mutation: You are clumsy. (Dex -2) [Xom's mischief]
 64128 | Zot:1    | Entered Level 1 of the Realm of Zot
 64132 | Zot:1    | Lost mutation: You sometimes lose the ability to read
                  | scrolls when taking damage. [potion of mutation]
 64132 | Zot:1    | Lost mutation: You are clumsy. (Dex -2) [potion of
                  | mutation]
 64132 | Zot:1    | Lost mutation: You occasionally shout uncontrollably at
                  | your foes. [potion of mutation]
 64132 | Zot:1    | Gained mutation: You have sharp toenails. [potion of
                  | mutation]
 64160 | Zot:1    | XOM: enchant monster (good)
 64170 | Zot:2    | XOM: god gift: scroll of enchant armour
 64173 | Zot:2    | XOM: scenery: summon butterflies
 64187 | Zot:2    | XOM: scenery: create altars
 64207 | Zot:1    | XOM: summons 7 hostile demons
 64223 | Zot:2    | XOM: summons friendly iron imp
 64238 | Zot:2    | XOM: silly message
 64242 | Zot:2    | XOM: enchant monster (bad)
 64249 | Zot:2    | XOM: silly message
 64427 | Zot:2    | XOM: noise
 64437 | Zot:2    | XOM: potion effect (brilliance)
 64506 | Zot:2    | XOM: 2-stop teleportation journey
 64536 | Zot:2    | XOM: potion effect (curing)
 64564 | Zot:2    | XOM: confusion (+ monsters)
 64656 | Zot:2    | XOM: cast spell 'Alistair's Intoxication'
 64673 | Zot:2    | XOM: noise
 64682 | Zot:2    | XOM: blink monster(s)
 64698 | Zot:2    | XOM: 2-stop teleportation journey
 64739 | Zot:2    | Noticed an orb of fire
 64749 | Zot:2    | XOM: potion effect (curing)
 64750 | Zot:2    | XOM: summons 4 friendly demons
 64762 | Zot:2    | Killed an orb of fire
 64880 | Zot:2    | XOM: give mutations
 64880 | Zot:2    | Gained mutation: You sometimes lose the ability to read
                  | scrolls when taking damage. [Xom's mischief]
 64880 | Zot:2    | Gained mutation: You are dopey. (Int -2) [Xom's mischief]
 64880 | Zot:2    | Gained mutation: Your muscles are strong. (Str +2) [Xom's
                  | mischief]
 65087 | Zot:2    | Identified the ring "Iqidgh" {Contam rElec rCorr Int+4}
 65113 | Zot:2    | XOM: enchant monster (bad)
 65180 | Zot:2    | XOM: summons 4 hostile shadow creatures
 65185 | Zot:2    | XOM: confuse monster(s)
 65227 | Zot:2    | Reached XP level 25. HP: 212/214 MP: 22/22
 65297 | Zot:3    | XOM: 2-stop teleportation journey
 65312 | Zot:3    | XOM: stat loss: -1 Int (4/5)
 65320 | Zot:3    | XOM: 1-stop teleportation journey
 65326 | Zot:3    | XOM: blink monster(s)
 65328 | Zot:3    | XOM: chaos upgrade
 65341 | Zot:3    | XOM: confusion
 65353 | Zot:3    | XOM: chaos cloud
 65365 | Zot:3    | XOM: chaos upgrade
 65368 | Zot:3    | HP: 10/226 [yellow draconian scorcher/bolt of fire (7)]
 65375 | Zot:3    | XOM: summons friendly ufetubus
 65377 | Zot:3    | HP: 8/227 [purple draconian (5)]
 65384 | Zot:3    | HP: 11/233 [something/bolt of dispelling energy (14)]
 65525 | Zot:3    | XOM: summons 9 hostile demons
 65528 | Zot:3    | XOM: 1-stop teleportation journey
 65529 | Zot:3    | XOM: enchant monster (bad)
 65532 | Zot:3    | XOM: confusion
 65534 | Zot:3    | XOM: polymorph something unseen -> fire giant
 65551 | Zot:3    | XOM: polymorph black draconian -> storm dragon
 65634 | Zot:3    | XOM: god gift: 56 gold pieces
 65763 | Zot:3    | XOM: summons friendly iron imp
 65830 | Zot:3    | XOM: noise
 65855 | Zot:3    | XOM: enchant monster (good)
 65857 | Zot:3    | XOM: give mutations
 65857 | Zot:3    | Gained mutation: You are frail. (-10% HP) [Xom's mischief]
 65857 | Zot:3    | Lost mutation: You are frail. (-10% HP) [Xom's mischief]
 65857 | Zot:3    | Gained mutation: You are frail. (-10% HP) [Xom's mischief]
 65888 | Zot:3    | XOM: confusion (+ monsters)
 65891 | Zot:3    | XOM: silly message
 65907 | Zot:3    | XOM: enchant monster (bad)
 65912 | Zot:3    | XOM: repel stairs
 65914 | Zot:3    | HP: 2/215 [acid (18)]
 65925 | Zot:3    | XOM: confusion
 65926 | Zot:3    | XOM: potion effect (might)
 65926 | Zot:3    | HP: 10/215 [storm dragon (9)]
 65928 | Zot:3    | HP: 3/215 [storm dragon (9)]
 65929 | Zot:3    | Slain by a storm dragon

Illustrated notes

Levels and vault maps discovered:
D:1:      sevenhm_arrival_forest_fort_large_4, layout_loops_corners,
          shapermc_ecumenical_altar_totnotflames, serial_shops, shop
D:2:      layout_rooms, palyth_stone_intersect, chequers_big_river, uniq_natasha
D:3:      layout_loops_cross, amethyst_overflow_temple_binary
D:4:      layout_layer_cave, nicolae_ru_the_path_less_chosen, kennysheep_mini,
          zin_scriptorium, elyvilon_altar_5, uniq_grinder, uniq_eustachio
D:5:      layout_cave_pods, mainiacjoe_overflow_paths,
          minmay_temple_entry_sparse_star, minmay_crystal_water, uniq_edmund
D:6:      layout_rooms, nicolae_dithmenos_the_darkroom, kennysheep_potato
D:7:      layout_loops_ring, overflow_temple_1_default, minivault_1,
          hangedman_decor_peaks_small, uniq_duvessa
D:8:      layout_loops_corners, yredelemnul_forgotten_temple_becter,
          mainiacjoe_overflow_brackets, lair_entry_dummy
D:9:      layout_stronghold, mainiacjoe_overflow_alcove_4
D:10:     layout_long_grid, nemelex_diamond_rough_becter, orc_0_dummy,
          trove_entry_hex_spiral
D:11:     layout_cave_pools, gauntlet_entry_generic,
          portal_ice_cave_entry_pillars_1, minivault_25, minmay_misc_feat_doors,
          nrook_guardian_serpent_double, uniq_nergalle, uniq_maurice, uniq_snorg
D:12:     layout_roguey, special_room [special_room_orc], serial_corexii_hall,
          corexii_hall_statues_deadend, chequers_hall_statues_y,
          nicolae_qazlal_general_emergency, uniq_jorgrun
D:13:     layout_cave_pools, david_vaults_2, serial_column_ruins,
          column_ruins_hut_ruined, column_ruins_hut, column_ruins_grid_1,
          column_ruins_open_medium, column_ruins_columns_water,
          column_ruins_grid_4, column_ruins_corridor_corner,
          column_ruins_open_tiny, minmay_misc_feat_rugged, minmay_microvault,
          uniq_rupert
D:14:     four-leaf_vault, layout_long_grid,
          hangedman_abyss_or_decor_jellyfish_corner, grunt_ogre_cave,
          minmay_misc_feat_square, uniq_roxanne, uniq_josephine
D:15:     grunt_enter_depths_snipers, layout_loops_corners, minivault_27
Temple:   compressed_dpeg_triangle_lava_temple
Lair:1:   layout_loops_ring, serial_bayou_lake_a, grunt_megastairs_1,
          infiniplex_staircase_pool
Lair:2:   layout_concentric_octagons, minmay_swamp_entry_swarm, special_room
          [special_room_bee], chequers_serial_rivers_room_b,
          minmay_stone_trees_small, st_stairs_3, lemuel_fruit_fields,
          minmay_lair_oklob_chamber
Lair:3:   layout_gridlike, minmay_snake_entry_six_corridors, st_stairs_9
Lair:4:   layout_loops_ring, basic_altar, special_room
          [special_room_mythical_zoo], nicolae_volcano_entry_vermiform,
          hibernation_bobbens
Lair:5:   layout_cave_pods, st_stairs_8
Lair:6:   guppyfry_lair_end_dragon, layout_gridlike,
          hangedman_lair_tendril_chambers, slime_altar_1, uniq_nessos
Swamp:1:  layout_basic_swamp, hangedman_swamp_ruin_wall,
          infiniplex_staircase_pool_2
Swamp:2:  layout_basic_swamp, nicolae_swamp_godswood, swamp_pool3,
          nicolae_swamp_dragon_and_kin
Swamp:3:  layout_basic_swamp, evilmike_swamp_ruin_rubble_1
Swamp:4:  swamp, layout_basic_swamp, swamp_pool1
Snake:1:  layout_layer_cave, minmay_shop_grove
Snake:2:  nicolae_snake_nest, layout_onion_interference, serial_shops,
          nicolae_shop_crystal, uniq_frances
Snake:3:  layout_misc_corridors, serial_shops, nicolae_take_the_stairs
Snake:4:  snake_pit, layout_gridlike, abandoned_shop
Orc:1:    layout_diamond_mine, serial_shops, nicolae_shop_stone,
          nicolae_orc_lava_tube, nicolae_shop_gadgets
Orc:2:    kennysheep_orc_mage_school, layout_diamond_mine, bh_open_orc_temple
Elf:1:    minmay_elf_arrival_circle, layout_loops_corners, serial_shops, shop
Elf:2:    nicolae_elf_blades_crystal_corner, layout_loops_corners,
          amcnicky_mini_rare_corridor_liquid, guppyfry_elf_castle,
          lemuel_upstairs_altar
Vaults:1: gammafunk_vaults_ghost_split, vaults_mumra_minichess, v_pattern_4,
          v_alt_pattern_5, grunt_vaults_hallway_short, hangedman_vaults_pinch,
          nicolae_vaults_know_your_exits, nicolae_vaults_rhombus_7, v_misc_29,
          vaults_dpeg_hooks, vaults_mumra_chevron_long, layout_vaults_ring
Vaults:2: v_alt_pattern_4, grunt_vaults_hallway_long,
          nicolae_vaults_circle_grid_a, hangedman_vaults_slice,
          nicolae_vaults_sealed_display, st_check, v_alt_pattern_1,
          ontoclasm_vaults_decontamination, vaults_mumra_hexcomb,
          vaults_room_door_ring, ontoclasm_vaults_ligature,
          layout_vaults_omnicross, uniq_frederick
Vaults:3: minmay_crypt_entry_simple_plaza, ontoclasm_vaults_tryst,
          nicolae_vaults_little_squares_3, ontoclasm_vaults_shuriken, v_misc_24,
          v_misc_28, hangedman_vaults_snaps, v_misc_26,
          ontoclasm_vaults_ring_small, vaults_room_corners,
          nicolae_vaults_rhombus_6, vaults_room_ringed_pool, sword_in_stone,
          v_rooms_5, layout_vaults_maze, uniq_margery
Vaults:4: nicolae_vaults_hallways_thing, nicolae_vaults_big_ls, v_misc_28,
          vaults_dpeg_ring, hangedman_vaults_nails, v_misc_22,
          nicolae_vaults_little_squares_6, hangedman_vaults_maws,
          ontoclasm_vaults_hangar, layout_vaults_chaotic_city, uniq_aizul
Vaults:5: serial_shops
Depths:1: layout_gridlike, hangedman_abyss_entry_splay, grunt_pan_entry_zigzag,
          minmay_misc_feat_ornament, mu_enter_wizlab_7, grunt_hell_entry_dis_mu,
          minmay_misc_feat_cross, minivault_10, lemuel_nasty_fountain
Depths:2: minmay_the_grid_triangle_9x9_rhombus_thin
          [minmay_the_grid_triangle_9x9_thin_v,
          minmay_the_grid_triangle_9x9_prize_special,
          minmay_the_grid_triangle_9x9_limited_checkers,
          minmay_the_grid_triangle_9x9_corruption], layout_cave_shapes,
          ebering_ghost_inner_flame, hell_entry,
          minmay_staircase_statues_hall_small, serial_bayou_shore_a,
          grunt_megastairs_2
Depths:3: kennysheep_four_of_diamonds, layout_cave_pools, pan_entry,
          ashenzari_conservatory_becter, hell_entry, abyss_entry_flame_altar,
          uniq_boris
Depths:4: grunt_twist_and_shout, layout_basic, abyss_entry,
          kennysheep_flooded_box, hangedman_coc_ice_floe, minmay_misc_feat_chi,
          infiniplex_staircase_pillars_3a, firewood_loft
Depths:5: evilmike_zot_entry_basic, layout_basic, enter_ziggurat_f,
          pf_hell_entry_tar_river, lightli_fourway_metalbox,
          serial_bayou_shore_b
Zot:1:    layout_gridlike
Zot:2:    grunt_zot_stairs_overgrown, layout_cellular_growth
Zot:3:    layout_misc_corridors

Skill      XL: |  1  2  3  4  5  6  7  8  9 10 11 12 13 14 15 16 17 18 19 20 21 22 23 24 |
---------------+-------------------------------------------------------------------------+-----
Fighting       | 4 5 6 8 9 12 14 15 16 17 19 21 22 | 22.3
Maces & Flails | 4 6 7 9 11 12 13 14 | 14.0
Throwing       | 1 3 5 8 |  8.5
Armour         | 3 4 9 12 14 15 17 20 21 | 21.3
Shields        | 7 11 15 | 15.0
Evocations     | 1 5 8 12 14 | 14.4
Unarmed Combat | 10 14 17 18 19 21 22 | 22.9
Earth Magic    | 1 |  1.7
Dodging        | 9 14 17 19 | 19.9
Transmutations | |  0.1

Action                   |  1- 3 |  4- 6 |  7- 9 | 10-12 | 13-15 | 16-18 | 19-21 | 22-24 | 25-27 || total
-------------------------+-------+-------+-------+-------+-------+-------+-------+-------+-------++-------
Melee: Mace              |    58 |    42 |   113 |       |       |       |       |       |       ||   213
       Headbutt          |     5 |     6 |    55 |   133 |   397 |   560 |   460 |   633 |    48 ||  2297
       Dire flail        |       |       |    87 |       |       |       |       |       |       ||    87
       Flail             |       |       |    16 |   817 |  1760 |  1017 |       |       |       ||  3610
       Unarmed           |       |       |       |       |       |  1375 |  1256 |  1585 |   136 ||  4352
       Kick              |       |       |       |       |       |       |     2 |       |       ||     2
 Fire: Hunting sling     |    22 |    14 |     1 |     3 |       |       |       |       |       ||    40
       Fustibalus        |       |       |       |    11 |       |       |       |       |       ||    11
Throw: Dart              |       |     7 |    23 |    54 |    36 |    21 |       |       |       ||   141
       Javelin           |       |       |     2 |       |       |       |       |       |       ||     2
 Abil: Evoke Invisibilit |       |       |       |       |     1 |     7 |       |     3 |     3 ||    14
Evoke: Wand              |       |       |       |    19 |    68 |    40 |     1 |     1 |     7 ||   136
       Condenser vane    |       |       |       |     1 |     4 |     4 |     3 |     2 |     3 ||    17
       Tin of tremorston |       |       |       |       |     3 |    11 |     9 |     4 |     2 ||    29
       Phial of floods   |       |       |       |       |       |     6 |     1 |       |       ||     7
  Use: Scroll            |       |     3 |     9 |     4 |    14 |    19 |     4 |     8 |     3 ||    64
       Potion            |       |     1 |       |     9 |     6 |    10 |     5 |     6 |    16 ||    53
 Stab: Confused          |       |       |     1 |     1 |     4 |    12 |    15 |    16 |       ||    49
       Petrified         |       |       |       |     8 |     3 |     2 |     3 |     3 |       ||    19
       Petrifying        |       |       |       |     1 |     2 |     3 |       |     3 |       ||     9
       Paralysed         |       |       |       |     3 |     3 |     5 |     4 |     3 |       ||    18
       Invisible         |       |       |       |       |     7 |    21 |       |    17 |     2 ||    47
       Sleeping          |       |       |       |       |     1 |       |       |     1 |       ||     2
       Distracted        |       |       |       |       |       |     3 |     3 |     2 |       ||     8
Armor: Leather armour    |    21 |    15 |    54 |       |       |       |       |       |       ||    90
       Skin              |       |    21 |       |     8 |    11 |     4 |       |       |       ||    44
       Chain mail        |       |       |    45 |   182 |     6 |       |       |       |       ||   233
       Plate armour      |       |       |       |       |   341 |       |       |       |       ||   341
       Crystal plate arm |       |       |       |       |   231 |   932 |   558 |   583 |    99 ||  2403
Dodge: Dodged            |    42 |    36 |    80 |   174 |   374 |   591 |   536 |   721 |   187 ||  2741
Block: Kite shield       |       |       |    50 |   579 |  1087 |  1629 |   975 |   971 |   161 ||  5452

Table legend: (Time is in decaauts)
 A = Elapsed time spent in this place.
 B = Non-inter-level travel time spent in this place.
 C = Inter-level travel time spent in this place.
 D = Time resting spent in this place.
 E = Time spent auto-exploring this place.
 F = Levels seen in this place.
 G = Mean time per level.
                   A        B        C        D        E       F      G
               +--------+--------+--------+--------+--------+-----+--------+
         Total |  64003 |  60481 |   3522 |   7332 |  39337 |  50 | 1280.1 |
       Dungeon |  18531 |  17005 |   1526 |   1355 |  12834 |  15 | 1235.4 |
        Temple |    133 |    133 |      0 |    132 |      0 |   1 |  133.0 |
          Lair |  13596 |  13084 |    512 |   2085 |   8507 |   6 | 2266.0 |
         Swamp |   3163 |   2980 |    183 |      0 |   2226 |   4 |  790.8 |
     Snake Pit |   4788 |   4561 |    227 |    295 |   2501 |   4 | 1197.0 |
  Orcish Mines |   3682 |   3445 |    237 |   1133 |   1755 |   2 | 1841.0 |
   Elven Halls |   4556 |   4334 |    222 |    815 |   2109 |   2 | 2278.0 |
        Vaults |   7392 |   7032 |    360 |    560 |   4783 |   5 | 1478.4 |
        Depths |   5769 |   5581 |    188 |    444 |   3906 |   5 | 1153.8 |
           Zot |   1650 |   1587 |     63 |    352 |    543 |   3 |  550.0 |
         Abyss |    357 |    357 |      0 |      3 |    117 |   2 |  178.5 |
       Volcano |    380 |    380 |      0 |    155 |     53 |   1 |  380.0 |
               +--------+--------+--------+--------+--------+-----+--------+

Top non-repeatable levels by time:
  Lair:6: 3356 daAuts
  Lair:2: 2795 daAuts
   Elf:1: 2782 daAuts
  Lair:1: 2237 daAuts
     D:9: 2148 daAuts
Vaults:4: 2075 daAuts
  Lair:5: 2070 daAuts
   Orc:2: 2004 daAuts
    D:12: 1849 daAuts
 Snake:1: 1795 daAuts
     D:4: 1784 daAuts
   Elf:2: 1773 daAuts
  Lair:3: 1754 daAuts
    D:10: 1709 daAuts
   Orc:1: 1678 daAuts
